Workbook

Sheet R&R Generic Detailed Budget
A1: 5 | B1: YEAR R&R DETAILED BUDGET (Always change cell A1 to equal the number of project years for this budget)
B2: =IF(A1=1,"",IF(A1=2,"",IF(A1=3,"",IF(A1=4,"",IF(A1=5,"","ERROR Cell A1")))))
B3: EPCS# | Q3: Template revised
B4: =IF(TODAY()-Q4>240,"This Budget Template is more than 240 Days Old","") | K4: YEAR 1 | L4: YEAR 2 | M4: YEAR 3 | N4: YEAR 4 | O4: YEAR 5 | P4: TOTAL | Q4: 46279 | U4: ="AY "&IF(MONTH(K5)>3, MOD(YEAR(K5),100), MOD(YEAR(K5)-1,100))&"-"&IF(MONTH(K5)>3, MOD(YEAR(K5)+1,100), MOD(YEAR(K5),100)) -> AY 26-27 | V4: ="AY "&IF(MONTH(K5)>3, MOD(YEAR(K5)+1,100), MOD(YEAR(K5),100))&"-"&IF(MONTH(K5)>3, MOD(YEAR(K5)+2,100), MOD(YEAR(K5)+1,100)) -> AY 27-28 | W4: ="AY "&IF(MONTH(K5)>3, MOD(YEAR(K5)+2,100), MOD(YEAR(K5)+1,100))&"-"&IF(MONTH(K5)>3, MOD(YEAR(K5)+3,100), MOD(YEAR(K5)+2,100)) -> AY 28-29 | X4: ="AY "&IF(MONTH(K5)>3, MOD(YEAR(K5)+3,100), MOD(YEAR(K5)+2,100))&"-"&IF(MONTH(K5)>3, MOD(YEAR(K5)+4,100), MOD(YEAR(K5)+3,100)) -> AY 29-30 | Y4: ="AY "&IF(MONTH(K5)>3, MOD(YEAR(K5)+4,100), MOD(YEAR(K5)+3,100))&"-"&IF(MONTH(K5)>3, MOD(YEAR(K5)+5,100), MOD(YEAR(K5)+4,100)) -> AY 30-31 | Z4: ="AY "&IF(MONTH(L5)>3, MOD(YEAR(L5)+4,100), MOD(YEAR(L5)+3,100))&"-"&IF(MONTH(L5)>3, MOD(YEAR(L5)+5,100), MOD(YEAR(L5)+4,100)) -> AY 31-32 | AC4: QRC | AD4: Reference Year | AF4: Increase/Yr
J5: Start | K5: 46204 | L5: =K6+1 -> 46569 | M5: =L6+1 -> 46935 | N5: =M6+1 -> 47300 | O5: =N6+1 -> 47665 | Q5: Include COLAs | AD5: AY | AE5: 26-27 | AF5: Increase/Yr | AG5: Select Project Type | AH5: 0 | AJ5: Select Employee Class
B6: PI Name: | J6: End | K6: 46568 | L6: =DATE(YEAR(K6)+1,MONTH(K6),DAY(K6)) -> 46934 | M6: =DATE(YEAR(L6)+1,MONTH(L6),DAY(L6)) -> 47299 | N6: =DATE(YEAR(M6)+1,MONTH(M6),DAY(M6)) -> 47664 | O6: =DATE(YEAR(N6)+1,MONTH(N6),DAY(N6)) -> 48029 | Q6: in this budget? | S6: AY/term | T6: GE Fees | U6: =ROUND(AE6*POWER(AF6,RIGHT($U$4,2)-RIGHT($AE$5,2)),0) -> 945 | V6: =IF($R$8="N",U6,ROUND(U6*AF6,0)) -> 973 | W6: =IF($R$8="N",V6,ROUND(V6*AF6,0)) -> 1002 | X6: =IF($R$8="N",W6,ROUND(W6*AF6,0)) -> 1031 | Y6: =IF($R$8="N",X6,ROUND(X6*AF6,0)) -> 1061 | Z6: =IF($R$8="N",Y6,ROUND(Y6*AF6,0)) -> 1092 | AD6: AY Fees | AE6: 945 | AF6: 1.0294 | AG6: Research: on campus | AH6: 3 | AJ6: 12 Month Faculty, w/ appt. .5+ FTE & Hrly | AK6: Faculty/Staff A
B7: PI DEPT: | Q7: Enter Y or N | S7: SU/Term | T7: GE Fees | U7: =ROUND(AE7*POWER(AF7,RIGHT($U$4,2)-RIGHT($AE$5,2)),0) -> 799 | V7: =IF($R$8="N",U7,ROUND(U7*AF7,0)) -> 823 | W7: =IF($R$8="N",V7,ROUND(V7*AF7,0)) -> 848 | X7: =IF($R$8="N",W7,ROUND(W7*AF7,0)) -> 873 | Y7: =IF($R$8="N",X7,ROUND(X7*AF7,0)) -> 899 | Z7: =IF($R$8="N",Y7,ROUND(Y7*AF7,0)) -> 926 | AD7: SU Fees | AE7: 799.38 | AF7: 1.0298 | AG7: Research: off campus | AH7: 4 | AJ7: 9 Month Faculty (AY) .5+ FTE, Postdocs, Executives | AK7: Faculty/Staff B
B8: University of Oregon | Q8: Payroll COLA | R8: Y | S8: AY/term | T8: GE Ins | U8: =ROUND(AE8*POWER(AF8,RIGHT($U$4,2)-RIGHT($AE$5,2)),0) -> 2775 | V8: =IF($R$8="N",U8,ROUND(U8*AF8,0)) -> 2919 | W8: =IF($R$8="N",V8,ROUND(V8*AF8,0)) -> 3071 | X8: =IF($R$8="N",W8,ROUND(W8*AF8,0)) -> 3231 | Y8: =IF($R$8="N",X8,ROUND(X8*AF8,0)) -> 3399 | Z8: =IF($R$8="N",Y8,ROUND(Y8*AF8,0)) -> 3576 | AD8: AY Ins | AE8: 2775 | AF8: 1.052 | AG8: Instruction: on campus | AH8: 5 | AJ8: 9 or 12 Month Faculty, w/ appt. <.5 FTE | AK8: Faculty/Staff C
B9: UO PERSONNEL | Q9: Non-Payroll COLA | R9: Y | S9: SU/term | T9: GE Ins | U9: =ROUND(AE9*POWER(AF9,RIGHT($U$4,2)-RIGHT($AE$5,2)),0) -> 2355 | V9: =IF($R$8="N",U9,ROUND(U9*AF9,0)) -> 2532 | W9: =IF($R$8="N",V9,ROUND(V9*AF9,0)) -> 2722 | X9: =IF($R$8="N",W9,ROUND(W9*AF9,0)) -> 2926 | Y9: =IF($R$8="N",X9,ROUND(X9*AF9,0)) -> 3145 | Z9: =IF($R$8="N",Y9,ROUND(Y9*AF9,0)) -> 3381 | AD9: SU Ins | AE9: 2355 | AF9: 1.075 | AG9: Instruction: off campus | AH9: 6 | AJ9: Classified - Service | AK9: Classified Service
B10: SALARIES/WAGES | D10: SALARY | E10: Yr 1 | F10: Yr 2 | G10: Yr 3 | H10: Yr 4 | I10: Yr 5 | S10: In-state | T10: Tuition | U10: =ROUND(AE10*POWER(AF10,RIGHT($U$4,2)-RIGHT($AE$5,2)),0) -> 5841 | V10: =IF($R$8="N",U10,ROUND(U10*AF10,0)) -> 5999 | W10: =IF($R$8="N",V10,ROUND(V10*AF10,0)) -> 6161 | X10: =IF($R$8="N",W10,ROUND(W10*AF10,0)) -> 6327 | Y10: =IF($R$8="N",X10,ROUND(X10*AF10,0)) -> 6498 | Z10: =IF($R$8="N",Y10,ROUND(Y10*AF10,0)) -> 6673 | AD10: In-state Tuition | AE10: 5841 | AF10: 1.027 | AG10: Other Sponsored Activity: on campus | AH10: 7 | AJ10: Classified - Clerical/Skilled | AK10: Classified Skilled/Clerical
B11: for AY 9-mo. and 12-mo. appts. | C11: Eclass | D11: BASE | E11: % FTE | F11: % FTE | G11: % FTE | H11: % FTE | I11: % FTE | S11: Out-of-state | T11: Tuition | U11: =ROUND(AE11*POWER(AF11,RIGHT($U$4,2)-RIGHT($AE$5,2)),0) -> 10863 | V11: =IF($R$8="N",U11,ROUND(U11*AF11,0)) -> 11156 | W11: =IF($R$8="N",V11,ROUND(V11*AF11,0)) -> 11457 | X11: =IF($R$8="N",W11,ROUND(W11*AF11,0)) -> 11766 | Y11: =IF($R$8="N",X11,ROUND(X11*AF11,0)) -> 12084 | Z11: =IF($R$8="N",Y11,ROUND(Y11*AF11,0)) -> 12410 | AD11: Out-of-state Tuition | AE11: 10863 | AF11: 1.027 | AG11: Other Sponsored Activity: off campus | AH11: 8 | AJ11: Classified - Technical | AK11: Classified Technical
C12: 12 Month Faculty, w/ appt. .5+ FTE & Hrly | K12: =ROUND(D12*E12,0) -> 0 | L12: =IF($A$1>1,ROUND(D12*F12*$U$14,0),0) -> 0 | M12: =IF($A$1>2,ROUND(D12*G12*$U$14^2,0),0) -> 0 | N12: =IF($A$1>3,ROUND(D12*H12*$U$14^3,0),0) -> 0 | O12: =IF($A$1>4,ROUND(D12*I12*$U$14^4,0),0) -> 0 | P12: =SUM(K12:O12) -> 0 | S12: Other UO | T12: Tuition | U12: 0 | V12: =ROUND(U12*AF12,0) -> 0 | W12: =ROUND(V12*AF12,0) -> 0 | X12: =ROUND(W12*AF12,0) -> 0 | Y12: =ROUND(X12*AF12,0) -> 0 | Z12: =ROUND(Y12*AF12,0) -> 0 | AD12: Tuition | AE12: 0 | AF12: 1.027 | AJ12: Temps | AK12: Temps
C13: Select Employee Class | K13: =ROUND(D13*E13,0) -> 0 | L13: =IF($A$1>1,ROUND(D13*F13*$U$14,0),0) -> 0 | M13: =IF($A$1>2,ROUND(D13*G13*$U$14^2,0),0) -> 0 | N13: =IF($A$1>3,ROUND(D13*H13*$U$14^3,0),0) -> 0 | O13: =IF($A$1>4,ROUND(D13*I13*$U$14^4,0),0) -> 0 | P13: =SUM(K13:O13) -> 0 | S13: GE COLA | U13: =IF($R$8="Y",1.04,1) -> 1.04 | AJ13: Students | AK13: Students
C14: Select Employee Class | K14: =ROUND(D14*E14,0) -> 0 | L14: =IF($A$1>1,ROUND(D14*F14*$U$14,0),0) -> 0 | M14: =IF($A$1>2,ROUND(D14*G14*$U$14^2,0),0) -> 0 | N14: =IF($A$1>3,ROUND(D14*H14*$U$14^3,0),0) -> 0 | O14: =IF($A$1>4,ROUND(D14*I14*$U$14^4,0),0) -> 0 | P14: =SUM(K14:O14) -> 0 | S14: Personnel COLA | U14: =IF($R$8="Y",1.03,1) -> 1.03 | AJ14: 9 Month Faculty/Staff (SU) | AK14: Faculty/Staff C
C15: Select Employee Class | K15: =ROUND(D15*E15,0) -> 0 | L15: =IF($A$1>1,ROUND(D15*F15*$U$14,0),0) -> 0 | M15: =IF($A$1>2,ROUND(D15*G15*$U$14^2,0),0) -> 0 | N15: =IF($A$1>3,ROUND(D15*H15*$U$14^3,0),0) -> 0 | O15: =IF($A$1>4,ROUND(D15*I15*$U$14^4,0),0) -> 0 | P15: =SUM(K15:O15) -> 0 | S15: Non-Personnel COLA | U15: =IF($R$9="Y",1.037,1) -> 1.037
C16: Select Employee Class | K16: =ROUND(D16*E16,0) -> 0 | L16: =IF($A$1>1,ROUND(D16*F16*$U$14,0),0) -> 0 | M16: =IF($A$1>2,ROUND(D16*G16*$U$14^2,0),0) -> 0 | N16: =IF($A$1>3,ROUND(D16*H16*$U$14^3,0),0) -> 0 | O16: =IF($A$1>4,ROUND(D16*I16*$U$14^4,0),0) -> 0 | P16: =SUM(K16:O16) -> 0
C17: Select Employee Class | K17: =ROUND(D17*E17,0) -> 0 | L17: =IF($A$1>1,ROUND(D17*F17*$U$14,0),0) -> 0 | M17: =IF($A$1>2,ROUND(D17*G17*$U$14^2,0),0) -> 0 | N17: =IF($A$1>3,ROUND(D17*H17*$U$14^3,0),0) -> 0 | O17: =IF($A$1>4,ROUND(D17*I17*$U$14^4,0),0) -> 0 | P17: =SUM(K17:O17) -> 0
C18: Select Employee Class | K18: =ROUND(D18*E18,0) -> 0 | L18: =IF($A$1>1,ROUND(D18*F18*$U$14,0),0) -> 0 | M18: =IF($A$1>2,ROUND(D18*G18*$U$14^2,0),0) -> 0 | N18: =IF($A$1>3,ROUND(D18*H18*$U$14^3,0),0) -> 0 | O18: =IF($A$1>4,ROUND(D18*I18*$U$14^4,0),0) -> 0 | P18: =SUM(K18:O18) -> 0
C19: Select Employee Class | K19: =ROUND(D19*E19,0) -> 0 | L19: =IF($A$1>1,ROUND(D19*F19*$U$14,0),0) -> 0 | M19: =IF($A$1>2,ROUND(D19*G19*$U$14^2,0),0) -> 0 | N19: =IF($A$1>3,ROUND(D19*H19*$U$14^3,0),0) -> 0 | O19: =IF($A$1>4,ROUND(D19*I19*$U$14^4,0),0) -> 0 | P19: =SUM(K19:O19) -> 0
C20: Select Employee Class | K20: =ROUND(D20*E20,0) -> 0 | L20: =IF($A$1>1,ROUND(D20*F20*$U$14,0),0) -> 0 | M20: =IF($A$1>2,ROUND(D20*G20*$U$14^2,0),0) -> 0 | N20: =IF($A$1>3,ROUND(D20*H20*$U$14^3,0),0) -> 0 | O20: =IF($A$1>4,ROUND(D20*I20*$U$14^4,0),0) -> 0 | P20: =SUM(K20:O20) -> 0
C21: Select Employee Class | K21: =ROUND(D21*E21,0) -> 0 | L21: =IF($A$1>1,ROUND(D21*F21*$U$14,0),0) -> 0 | M21: =IF($A$1>2,ROUND(D21*G21*$U$14^2,0),0) -> 0 | N21: =IF($A$1>3,ROUND(D21*H21*$U$14^3,0),0) -> 0 | O21: =IF($A$1>4,ROUND(D21*I21*$U$14^4,0),0) -> 0 | P21: =SUM(K21:O21) -> 0
C22: Select Employee Class | K22: =ROUND(D22*E22,0) -> 0 | L22: =IF($A$1>1,ROUND(D22*F22*$U$14,0),0) -> 0 | M22: =IF($A$1>2,ROUND(D22*G22*$U$14^2,0),0) -> 0 | N22: =IF($A$1>3,ROUND(D22*H22*$U$14^3,0),0) -> 0 | O22: =IF($A$1>4,ROUND(D22*I22*$U$14^4,0),0) -> 0 | P22: =SUM(K22:O22) -> 0
B23: UO PERSONNEL | D23: SALARY | E23: Yr 1 | F23: Yr 2 | G23: Yr 3 | H23: Yr 4 | I23: Yr 5
B24: Summer salaries for 9-mo. appts. | C24: Eclass | D24: BASE | E24: % FTE | F24: % FTE | G24: % FTE | H24: % FTE | I24: % FTE
C25: =IF(B25="","","9 Month Faculty/Staff (SU)") | K25: =ROUND(D25*E25,0) -> 0 | L25: =IF($A$1>1,ROUND(D25*F25*$U$14,0),0) -> 0 | M25: =IF($A$1>2,ROUND(D25*G25*$U$14^2,0),0) -> 0 | N25: =IF($A$1>3,ROUND(D25*H25*$U$14^3,0),0) -> 0 | O25: =IF($A$1>4,ROUND(D25*I25*$U$14^4,0),0) -> 0 | P25: =SUM(K25:O25) -> 0
C26: =IF(B26="","","9 Month Faculty/Staff (SU)") | K26: =ROUND(D26*E26,0) -> 0 | L26: =IF($A$1>1,ROUND(D26*F26*$U$14,0),0) -> 0 | M26: =IF($A$1>2,ROUND(D26*G26*$U$14^2,0),0) -> 0 | N26: =IF($A$1>3,ROUND(D26*H26*$U$14^3,0),0) -> 0 | O26: =IF($A$1>4,ROUND(D26*I26*$U$14^4,0),0) -> 0 | P26: =SUM(K26:O26) -> 0
C27: =IF(B27="","","9 Month Faculty/Staff (SU)") | K27: =ROUND(D27*E27,0) -> 0 | L27: =IF($A$1>1,ROUND(D27*F27*$U$14,0),0) -> 0 | M27: =IF($A$1>2,ROUND(D27*G27*$U$14^2,0),0) -> 0 | N27: =IF($A$1>3,ROUND(D27*H27*$U$14^3,0),0) -> 0 | O27: =IF($A$1>4,ROUND(D27*I27*$U$14^4,0),0) -> 0 | P27: =SUM(K27:O27) -> 0
C28: =IF(B28="","","9 Month Faculty/Staff (SU)") | K28: =ROUND(D28*E28,0) -> 0 | L28: =IF($A$1>1,ROUND(D28*F28*$U$14,0),0) -> 0 | M28: =IF($A$1>2,ROUND(D28*G28*$U$14^2,0),0) -> 0 | N28: =IF($A$1>3,ROUND(D28*H28*$U$14^3,0),0) -> 0 | O28: =IF($A$1>4,ROUND(D28*I28*$U$14^4,0),0) -> 0 | P28: =SUM(K28:O28) -> 0
C29: =IF(B29="","","9 Month Faculty/Staff (SU)") | K29: =ROUND(D29*E29,0) -> 0 | L29: =IF($A$1>1,ROUND(D29*F29*$U$14,0),0) -> 0 | M29: =IF($A$1>2,ROUND(D29*G29*$U$14^2,0),0) -> 0 | N29: =IF($A$1>3,ROUND(D29*H29*$U$14^3,0),0) -> 0 | O29: =IF($A$1>4,ROUND(D29*I29*$U$14^4,0),0) -> 0 | P29: =SUM(K29:O29) -> 0
C30: =IF(B30="","","9 Month Faculty/Staff (SU)") | K30: =ROUND(D30*E30,0) -> 0 | L30: =IF($A$1>1,ROUND(D30*F30*$U$14,0),0) -> 0 | M30: =IF($A$1>2,ROUND(D30*G30*$U$14^2,0),0) -> 0 | N30: =IF($A$1>3,ROUND(D30*H30*$U$14^3,0),0) -> 0 | O30: =IF($A$1>4,ROUND(D30*I30*$U$14^4,0),0) -> 0 | P30: =SUM(K30:O30) -> 0
B32: Regular Students | L32: =IF($A$1>1,ROUND(K32*$U$14,0),0) -> 0 | M32: =IF($A$1>2,ROUND(L32*$U$14,0),0) -> 0 | N32: =IF($A$1>3,ROUND(M32*$U$14,0),0) -> 0 | O32: =IF($A$1>4,ROUND(N32*$U$14,0),0) -> 0 | P32: =SUM(K32:O32) -> 0
B33: Work Study Students | K33: 0 | L33: =IF($A$1>1,ROUND(K33*$U$14,0),0) -> 0 | M33: =IF($A$1>2,ROUND(L33*$U$14,0),0) -> 0 | N33: =IF($A$1>3,ROUND(M33*$U$14,0),0) -> 0 | O33: =IF($A$1>4,ROUND(N33*$U$14,0),0) -> 0 | P33: =SUM(K33:O33) -> 0
B35: GE I and GE II (Full Time Tuition) | D35: SALARY | E35: Yr 1 | F35: Yr 2 | G35: Yr 3 | H35: Yr 4 | I35: Yr 5
B36: GE Salaries | D36: AY BASE | E36: % | F36: % | G36: % | H36: % | I36: %
B37: GE AY effort | K37: =ROUND($D$37*E37*E39/3,0) -> 0 | L37: =IF($A$1>1,ROUND($U$13*$D$37*F37*F39/3,0),0) -> 0 | M37: =IF($A$1>2,ROUND($U$13^2*$D$37*G37*G39/3,0),0) -> 0 | N37: =IF($A$1>3,ROUND($U$13^3*$D$37*H37*H39/3,0),0) -> 0 | O37: =IF($A$1>4,ROUND($U$13^4*$D$37*I37*I39/3,0),0) -> 0 | P37: =SUM(K37:O37) -> 0
B38: GE summer effort | D38: -leave blank- | K38: =ROUND($D$37*E40*E38/3,0) -> 0 | L38: =IF($A$1>1,ROUND($U$13*$D$37*F40*F38/3,0),0) -> 0 | M38: =IF($A$1>2,ROUND($U$13^2*$D$37*G40*G38/3,0),0) -> 0 | N38: =IF($A$1>3,ROUND($U$13^3*$D$37*H40*H38/3,0),0) -> 0 | O38: =IF($A$1>4,ROUND($U$13^4*$D$37*I40*I38/3,0),0) -> 0 | P38: =SUM(K38:O38) -> 0
D39: Total Academic Terms
D40: Total Summer Terms
B42: GE III (3 Credit Hours per Term) | D42: SALARY | E42: Yr 1 | F42: Yr 2 | G42: Yr 3 | H42: Yr 4 | I42: Yr 5
B43: GE Salaries | D43: AY BASE | E43: % | F43: % | G43: % | H43: % | I43: %
B44: GE AY effort | K44: =ROUND($D$44*E44*E46/3,0) -> 0 | L44: =IF($A$1>1,ROUND($U$13*$D$44*F44*F46/3,0),0) -> 0 | M44: =IF($A$1>2,ROUND($U$13^2*$D$44*G44*G46/3,0),0) -> 0 | N44: =IF($A$1>3,ROUND($U$13^3*$D$44*H44*H46/3,0),0) -> 0 | O44: =IF($A$1>4,ROUND($U$13^4*$D$44*I44*I46/3,0),0) -> 0 | P44: =SUM(K44:O44) -> 0
B45: GE summer effort | D45: -leave blank- | K45: =ROUND($D$44*E47*E45/3,0) -> 0 | L45: =IF($A$1>1,ROUND($U$13*$D$44*F47*F45/3,0),0) -> 0 | M45: =IF($A$1>2,ROUND($U$13^2*$D$44*G47*G45/3,0),0) -> 0 | N45: =IF($A$1>3,ROUND($U$13^3*$D$44*H47*H45/3,0),0) -> 0 | O45: =IF($A$1>4,ROUND($U$13^4*$D$44*I47*I45/3,0),0) -> 0 | P45: =SUM(K45:O45) -> 0
D46: Total Academic Terms
D47: Total Summer Terms
J48: Total Salaries & Wages | K48: =SUM(K12:K47) -> 0 | L48: =IF($A$1>1,SUM(L12:L47),0) -> 0 | M48: =IF($A$1>2,SUM(M12:M47),0) -> 0 | N48: =IF($A$1>3,SUM(N12:N47),0) -> 0 | O48: =IF($A$1>4,SUM(O12:O47),0) -> 0 | P48: =SUM(K48:O48) -> 0
B49: UO PERSONNEL
B50: FRINGE BENEFITS (OPE)
B51: Benefits for AY 9-mo. and 12-mo. appts. | C51: Eclass
B52: =IF(B12="","",B12) | C52: =IF(C12="Select Employee Class","",C12) -> 12 Month Faculty, w/ appt. .5+ FTE & Hrly | J52: =IF(B52="","",VLOOKUP(VLOOKUP(C52,$AJ$6:$AK$13,2,FALSE),'Eclass OPE Rates'!$A$26:$F$33,2,FALSE)) | K52: =IF($C52="",0,ROUND(K12*VLOOKUP(VLOOKUP($C52,'R&R Generic Detailed Budget'!$AJ$6:$AK$13,2,FALSE),'Eclass OPE Rates'!$A$26:$F$33,2,FALSE),0)) -> 0 | L52: =IF($C52="",0,ROUND(L12*VLOOKUP(VLOOKUP($C52,'R&R Generic Detailed Budget'!$AJ$6:$AK$13,2,FALSE),'Eclass OPE Rates'!$A$26:$F$33,3,FALSE),0)) -> 0 | M52: =IF($C52="",0,ROUND(M12*VLOOKUP(VLOOKUP($C52,'R&R Generic Detailed Budget'!$AJ$6:$AK$13,2,FALSE),'Eclass OPE Rates'!$A$26:$F$33,4,FALSE),0)) -> 0 | N52: =IF($C52="",0,ROUND(N12*VLOOKUP(VLOOKUP($C52,'R&R Generic Detailed Budget'!$AJ$6:$AK$13,2,FALSE),'Eclass OPE Rates'!$A$26:$F$33,5,FALSE),0)) -> 0 | O52: =IF($C52="",0,ROUND(O12*VLOOKUP(VLOOKUP($C52,'R&R Generic Detailed Budget'!$AJ$6:$AK$13,2,FALSE),'Eclass OPE Rates'!$A$26:$F$33,6,FALSE),0)) -> 0 | P52: =SUM(K52:O52) -> 0
B53: =IF(B13="","",B13) | C53: =IF(C13="Select Employee Class","",C13) | J53: =IF(B53="","",VLOOKUP(VLOOKUP(C53,$AJ$6:$AK$13,2,FALSE),'Eclass OPE Rates'!$A$26:$F$33,2,FALSE)) | K53: =IF($C53="",0,ROUND(K13*VLOOKUP(VLOOKUP($C53,'R&R Generic Detailed Budget'!$AJ$6:$AK$13,2,FALSE),'Eclass OPE Rates'!$A$26:$F$33,2,FALSE),0)) -> 0 | L53: =IF($C53="",0,ROUND(L13*VLOOKUP(VLOOKUP($C53,'R&R Generic Detailed Budget'!$AJ$6:$AK$13,2,FALSE),'Eclass OPE Rates'!$A$26:$F$33,3,FALSE),0)) -> 0 | M53: =IF($C53="",0,ROUND(M13*VLOOKUP(VLOOKUP($C53,'R&R Generic Detailed Budget'!$AJ$6:$AK$13,2,FALSE),'Eclass OPE Rates'!$A$26:$F$33,4,FALSE),0)) -> 0 | N53: =IF($C53="",0,ROUND(N13*VLOOKUP(VLOOKUP($C53,'R&R Generic Detailed Budget'!$AJ$6:$AK$13,2,FALSE),'Eclass OPE Rates'!$A$26:$F$33,5,FALSE),0)) -> 0 | O53: =IF($C53="",0,ROUND(O13*VLOOKUP(VLOOKUP($C53,'R&R Generic Detailed Budget'!$AJ$6:$AK$13,2,FALSE),'Eclass OPE Rates'!$A$26:$F$33,6,FALSE),0)) -> 0 | P53: =SUM(K53:O53) -> 0
B54: =IF(B14="","",B14) | C54: =IF(C14="Select Employee Class","",C14) | J54: =IF(B54="","",VLOOKUP(VLOOKUP(C54,$AJ$6:$AK$13,2,FALSE),'Eclass OPE Rates'!$A$26:$F$33,2,FALSE)) | K54: =IF($C54="",0,ROUND(K14*VLOOKUP(VLOOKUP($C54,'R&R Generic Detailed Budget'!$AJ$6:$AK$13,2,FALSE),'Eclass OPE Rates'!$A$26:$F$33,2,FALSE),0)) -> 0 | L54: =IF($C54="",0,ROUND(L14*VLOOKUP(VLOOKUP($C54,'R&R Generic Detailed Budget'!$AJ$6:$AK$13,2,FALSE),'Eclass OPE Rates'!$A$26:$F$33,3,FALSE),0)) -> 0 | M54: =IF($C54="",0,ROUND(M14*VLOOKUP(VLOOKUP($C54,'R&R Generic Detailed Budget'!$AJ$6:$AK$13,2,FALSE),'Eclass OPE Rates'!$A$26:$F$33,4,FALSE),0)) -> 0 | N54: =IF($C54="",0,ROUND(N14*VLOOKUP(VLOOKUP($C54,'R&R Generic Detailed Budget'!$AJ$6:$AK$13,2,FALSE),'Eclass OPE Rates'!$A$26:$F$33,5,FALSE),0)) -> 0 | O54: =IF($C54="",0,ROUND(O14*VLOOKUP(VLOOKUP($C54,'R&R Generic Detailed Budget'!$AJ$6:$AK$13,2,FALSE),'Eclass OPE Rates'!$A$26:$F$33,6,FALSE),0)) -> 0 | P54: =SUM(K54:O54) -> 0
B55: =IF(B15="","",B15) | C55: =IF(C15="Select Employee Class","",C15) | J55: =IF(B55="","",VLOOKUP(VLOOKUP(C55,$AJ$6:$AK$13,2,FALSE),'Eclass OPE Rates'!$A$26:$F$33,2,FALSE)) | K55: =IF($C55="",0,ROUND(K15*VLOOKUP(VLOOKUP($C55,'R&R Generic Detailed Budget'!$AJ$6:$AK$13,2,FALSE),'Eclass OPE Rates'!$A$26:$F$33,2,FALSE),0)) -> 0 | L55: =IF($C55="",0,ROUND(L15*VLOOKUP(VLOOKUP($C55,'R&R Generic Detailed Budget'!$AJ$6:$AK$13,2,FALSE),'Eclass OPE Rates'!$A$26:$F$33,3,FALSE),0)) -> 0 | M55: =IF($C55="",0,ROUND(M15*VLOOKUP(VLOOKUP($C55,'R&R Generic Detailed Budget'!$AJ$6:$AK$13,2,FALSE),'Eclass OPE Rates'!$A$26:$F$33,4,FALSE),0)) -> 0 | N55: =IF($C55="",0,ROUND(N15*VLOOKUP(VLOOKUP($C55,'R&R Generic Detailed Budget'!$AJ$6:$AK$13,2,FALSE),'Eclass OPE Rates'!$A$26:$F$33,5,FALSE),0)) -> 0 | O55: =IF($C55="",0,ROUND(O15*VLOOKUP(VLOOKUP($C55,'R&R Generic Detailed Budget'!$AJ$6:$AK$13,2,FALSE),'Eclass OPE Rates'!$A$26:$F$33,6,FALSE),0)) -> 0 | P55: =SUM(K55:O55) -> 0
B56: =IF(B16="","",B16) | C56: =IF(C16="Select Employee Class","",C16) | J56: =IF(B56="","",VLOOKUP(VLOOKUP(C56,$AJ$6:$AK$13,2,FALSE),'Eclass OPE Rates'!$A$26:$F$33,2,FALSE)) | K56: =IF($C56="",0,ROUND(K16*VLOOKUP(VLOOKUP($C56,'R&R Generic Detailed Budget'!$AJ$6:$AK$13,2,FALSE),'Eclass OPE Rates'!$A$26:$F$33,2,FALSE),0)) -> 0 | L56: =IF($C56="",0,ROUND(L16*VLOOKUP(VLOOKUP($C56,'R&R Generic Detailed Budget'!$AJ$6:$AK$13,2,FALSE),'Eclass OPE Rates'!$A$26:$F$33,3,FALSE),0)) -> 0 | M56: =IF($C56="",0,ROUND(M16*VLOOKUP(VLOOKUP($C56,'R&R Generic Detailed Budget'!$AJ$6:$AK$13,2,FALSE),'Eclass OPE Rates'!$A$26:$F$33,4,FALSE),0)) -> 0 | N56: =IF($C56="",0,ROUND(N16*VLOOKUP(VLOOKUP($C56,'R&R Generic Detailed Budget'!$AJ$6:$AK$13,2,FALSE),'Eclass OPE Rates'!$A$26:$F$33,5,FALSE),0)) -> 0 | O56: =IF($C56="",0,ROUND(O16*VLOOKUP(VLOOKUP($C56,'R&R Generic Detailed Budget'!$AJ$6:$AK$13,2,FALSE),'Eclass OPE Rates'!$A$26:$F$33,6,FALSE),0)) -> 0 | P56: =SUM(K56:O56) -> 0
B57: =IF(B17="","",B17) | C57: =IF(C17="Select Employee Class","",C17) | J57: =IF(B57="","",VLOOKUP(VLOOKUP(C57,$AJ$6:$AK$13,2,FALSE),'Eclass OPE Rates'!$A$26:$F$33,2,FALSE)) | K57: =IF($C57="",0,ROUND(K17*VLOOKUP(VLOOKUP($C57,'R&R Generic Detailed Budget'!$AJ$6:$AK$13,2,FALSE),'Eclass OPE Rates'!$A$26:$F$33,2,FALSE),0)) -> 0 | L57: =IF($C57="",0,ROUND(L17*VLOOKUP(VLOOKUP($C57,'R&R Generic Detailed Budget'!$AJ$6:$AK$13,2,FALSE),'Eclass OPE Rates'!$A$26:$F$33,3,FALSE),0)) -> 0 | M57: =IF($C57="",0,ROUND(M17*VLOOKUP(VLOOKUP($C57,'R&R Generic Detailed Budget'!$AJ$6:$AK$13,2,FALSE),'Eclass OPE Rates'!$A$26:$F$33,4,FALSE),0)) -> 0 | N57: =IF($C57="",0,ROUND(N17*VLOOKUP(VLOOKUP($C57,'R&R Generic Detailed Budget'!$AJ$6:$AK$13,2,FALSE),'Eclass OPE Rates'!$A$26:$F$33,5,FALSE),0)) -> 0 | O57: =IF($C57="",0,ROUND(O17*VLOOKUP(VLOOKUP($C57,'R&R Generic Detailed Budget'!$AJ$6:$AK$13,2,FALSE),'Eclass OPE Rates'!$A$26:$F$33,6,FALSE),0)) -> 0 | P57: =SUM(K57:O57) -> 0
B58: =IF(B18="","",B18) | C58: =IF(C18="Select Employee Class","",C18) | J58: =IF(B58="","",VLOOKUP(VLOOKUP(C58,$AJ$6:$AK$13,2,FALSE),'Eclass OPE Rates'!$A$26:$F$33,2,FALSE)) | K58: =IF($C58="",0,ROUND(K18*VLOOKUP(VLOOKUP($C58,'R&R Generic Detailed Budget'!$AJ$6:$AK$13,2,FALSE),'Eclass OPE Rates'!$A$26:$F$33,2,FALSE),0)) -> 0 | L58: =IF($C58="",0,ROUND(L18*VLOOKUP(VLOOKUP($C58,'R&R Generic Detailed Budget'!$AJ$6:$AK$13,2,FALSE),'Eclass OPE Rates'!$A$26:$F$33,3,FALSE),0)) -> 0 | M58: =IF($C58="",0,ROUND(M18*VLOOKUP(VLOOKUP($C58,'R&R Generic Detailed Budget'!$AJ$6:$AK$13,2,FALSE),'Eclass OPE Rates'!$A$26:$F$33,4,FALSE),0)) -> 0 | N58: =IF($C58="",0,ROUND(N18*VLOOKUP(VLOOKUP($C58,'R&R Generic Detailed Budget'!$AJ$6:$AK$13,2,FALSE),'Eclass OPE Rates'!$A$26:$F$33,5,FALSE),0)) -> 0 | O58: =IF($C58="",0,ROUND(O18*VLOOKUP(VLOOKUP($C58,'R&R Generic Detailed Budget'!$AJ$6:$AK$13,2,FALSE),'Eclass OPE Rates'!$A$26:$F$33,6,FALSE),0)) -> 0 | P58: =SUM(K58:O58) -> 0
B59: =IF(B19="","",B19) | C59: =IF(C19="Select Employee Class","",C19) | J59: =IF(B59="","",VLOOKUP(VLOOKUP(C59,$AJ$6:$AK$13,2,FALSE),'Eclass OPE Rates'!$A$26:$F$33,2,FALSE)) | K59: =IF($C59="",0,ROUND(K19*VLOOKUP(VLOOKUP($C59,'R&R Generic Detailed Budget'!$AJ$6:$AK$13,2,FALSE),'Eclass OPE Rates'!$A$26:$F$33,2,FALSE),0)) -> 0 | L59: =IF($C59="",0,ROUND(L19*VLOOKUP(VLOOKUP($C59,'R&R Generic Detailed Budget'!$AJ$6:$AK$13,2,FALSE),'Eclass OPE Rates'!$A$26:$F$33,3,FALSE),0)) -> 0 | M59: =IF($C59="",0,ROUND(M19*VLOOKUP(VLOOKUP($C59,'R&R Generic Detailed Budget'!$AJ$6:$AK$13,2,FALSE),'Eclass OPE Rates'!$A$26:$F$33,4,FALSE),0)) -> 0 | N59: =IF($C59="",0,ROUND(N19*VLOOKUP(VLOOKUP($C59,'R&R Generic Detailed Budget'!$AJ$6:$AK$13,2,FALSE),'Eclass OPE Rates'!$A$26:$F$33,5,FALSE),0)) -> 0 | O59: =IF($C59="",0,ROUND(O19*VLOOKUP(VLOOKUP($C59,'R&R Generic Detailed Budget'!$AJ$6:$AK$13,2,FALSE),'Eclass OPE Rates'!$A$26:$F$33,6,FALSE),0)) -> 0 | P59: =SUM(K59:O59) -> 0
B60: =IF(B20="","",B20) | C60: =IF(C20="Select Employee Class","",C20) | J60: =IF(B60="","",VLOOKUP(VLOOKUP(C60,$AJ$6:$AK$13,2,FALSE),'Eclass OPE Rates'!$A$26:$F$33,2,FALSE)) | K60: =IF($C60="",0,ROUND(K20*VLOOKUP(VLOOKUP($C60,'R&R Generic Detailed Budget'!$AJ$6:$AK$13,2,FALSE),'Eclass OPE Rates'!$A$26:$F$33,2,FALSE),0)) -> 0 | L60: =IF($C60="",0,ROUND(L20*VLOOKUP(VLOOKUP($C60,'R&R Generic Detailed Budget'!$AJ$6:$AK$13,2,FALSE),'Eclass OPE Rates'!$A$26:$F$33,3,FALSE),0)) -> 0 | M60: =IF($C60="",0,ROUND(M20*VLOOKUP(VLOOKUP($C60,'R&R Generic Detailed Budget'!$AJ$6:$AK$13,2,FALSE),'Eclass OPE Rates'!$A$26:$F$33,4,FALSE),0)) -> 0 | N60: =IF($C60="",0,ROUND(N20*VLOOKUP(VLOOKUP($C60,'R&R Generic Detailed Budget'!$AJ$6:$AK$13,2,FALSE),'Eclass OPE Rates'!$A$26:$F$33,5,FALSE),0)) -> 0 | O60: =IF($C60="",0,ROUND(O20*VLOOKUP(VLOOKUP($C60,'R&R Generic Detailed Budget'!$AJ$6:$AK$13,2,FALSE),'Eclass OPE Rates'!$A$26:$F$33,6,FALSE),0)) -> 0 | P60: =SUM(K60:O60) -> 0
B61: =IF(B21="","",B21) | C61: =IF(C21="Select Employee Class","",C21) | J61: =IF(B61="","",VLOOKUP(VLOOKUP(C61,$AJ$6:$AK$13,2,FALSE),'Eclass OPE Rates'!$A$26:$F$33,2,FALSE)) | K61: =IF($C61="",0,ROUND(K21*VLOOKUP(VLOOKUP($C61,'R&R Generic Detailed Budget'!$AJ$6:$AK$13,2,FALSE),'Eclass OPE Rates'!$A$26:$F$33,2,FALSE),0)) -> 0 | L61: =IF($C61="",0,ROUND(L21*VLOOKUP(VLOOKUP($C61,'R&R Generic Detailed Budget'!$AJ$6:$AK$13,2,FALSE),'Eclass OPE Rates'!$A$26:$F$33,3,FALSE),0)) -> 0 | M61: =IF($C61="",0,ROUND(M21*VLOOKUP(VLOOKUP($C61,'R&R Generic Detailed Budget'!$AJ$6:$AK$13,2,FALSE),'Eclass OPE Rates'!$A$26:$F$33,4,FALSE),0)) -> 0 | N61: =IF($C61="",0,ROUND(N21*VLOOKUP(VLOOKUP($C61,'R&R Generic Detailed Budget'!$AJ$6:$AK$13,2,FALSE),'Eclass OPE Rates'!$A$26:$F$33,5,FALSE),0)) -> 0 | O61: =IF($C61="",0,ROUND(O21*VLOOKUP(VLOOKUP($C61,'R&R Generic Detailed Budget'!$AJ$6:$AK$13,2,FALSE),'Eclass OPE Rates'!$A$26:$F$33,6,FALSE),0)) -> 0 | P61: =SUM(K61:O61) -> 0
B62: =IF(B22="","",B22) | C62: =IF(C22="Select Employee Class","",C22) | J62: =IF(B62="","",VLOOKUP(VLOOKUP(C62,$AJ$6:$AK$13,2,FALSE),'Eclass OPE Rates'!$A$26:$F$33,2,FALSE)) | K62: =IF($C62="",0,ROUND(K22*VLOOKUP(VLOOKUP($C62,'R&R Generic Detailed Budget'!$AJ$6:$AK$13,2,FALSE),'Eclass OPE Rates'!$A$26:$F$33,2,FALSE),0)) -> 0 | L62: =IF($C62="",0,ROUND(L22*VLOOKUP(VLOOKUP($C62,'R&R Generic Detailed Budget'!$AJ$6:$AK$13,2,FALSE),'Eclass OPE Rates'!$A$26:$F$33,3,FALSE),0)) -> 0 | M62: =IF($C62="",0,ROUND(M22*VLOOKUP(VLOOKUP($C62,'R&R Generic Detailed Budget'!$AJ$6:$AK$13,2,FALSE),'Eclass OPE Rates'!$A$26:$F$33,4,FALSE),0)) -> 0 | N62: =IF($C62="",0,ROUND(N22*VLOOKUP(VLOOKUP($C62,'R&R Generic Detailed Budget'!$AJ$6:$AK$13,2,FALSE),'Eclass OPE Rates'!$A$26:$F$33,5,FALSE),0)) -> 0 | O62: =IF($C62="",0,ROUND(O22*VLOOKUP(VLOOKUP($C62,'R&R Generic Detailed Budget'!$AJ$6:$AK$13,2,FALSE),'Eclass OPE Rates'!$A$26:$F$33,6,FALSE),0)) -> 0 | P62: =SUM(K62:O62) -> 0
B63: UO PERSONNEL
B64: FRINGE BENEFITS (OPE)
B65: Summer benefits for 9-mo. faculty | C65: Eclass
B66: =IF(B25="","",B25) | C66: =IF(C25="Select Employee Class","",C25) | J66: =IF(B66="","",VLOOKUP(VLOOKUP(C66,$AJ$6:$AK$14,2,FALSE),'Eclass OPE Rates'!$A$26:$F$33,2,FALSE)) | K66: =IF($C66="",0,ROUND(K25*VLOOKUP(VLOOKUP($C66,'R&R Generic Detailed Budget'!$AJ$6:$AK$14,2,FALSE),'Eclass OPE Rates'!$A$26:$F$33,2,FALSE),0)) -> 0 | L66: =IF($C66="",0,ROUND(L25*VLOOKUP(VLOOKUP($C66,'R&R Generic Detailed Budget'!$AJ$6:$AK$14,2,FALSE),'Eclass OPE Rates'!$A$26:$F$33,3,FALSE),0)) -> 0 | M66: =IF($C66="",0,ROUND(M25*VLOOKUP(VLOOKUP($C66,'R&R Generic Detailed Budget'!$AJ$6:$AK$14,2,FALSE),'Eclass OPE Rates'!$A$26:$F$33,4,FALSE),0)) -> 0 | N66: =IF($C66="",0,ROUND(N25*VLOOKUP(VLOOKUP($C66,'R&R Generic Detailed Budget'!$AJ$6:$AK$14,2,FALSE),'Eclass OPE Rates'!$A$26:$F$33,5,FALSE),0)) -> 0 | O66: =IF($C66="",0,ROUND(O25*VLOOKUP(VLOOKUP($C66,'R&R Generic Detailed Budget'!$AJ$6:$AK$14,2,FALSE),'Eclass OPE Rates'!$A$26:$F$33,6,FALSE),0)) -> 0 | P66: =SUM(K66:O66) -> 0
B67: =IF(B26="","",B26) | C67: =IF(C26="Select Employee Class","",C26) | J67: =IF(B67="","",VLOOKUP(VLOOKUP(C67,$AJ$6:$AK$14,2,FALSE),'Eclass OPE Rates'!$A$26:$F$33,2,FALSE)) | K67: =IF($C67="",0,ROUND(K26*VLOOKUP(VLOOKUP($C67,'R&R Generic Detailed Budget'!$AJ$6:$AK$14,2,FALSE),'Eclass OPE Rates'!$A$26:$F$33,2,FALSE),0)) -> 0 | L67: =IF($C67="",0,ROUND(L26*VLOOKUP(VLOOKUP($C67,'R&R Generic Detailed Budget'!$AJ$6:$AK$14,2,FALSE),'Eclass OPE Rates'!$A$26:$F$33,3,FALSE),0)) -> 0 | M67: =IF($C67="",0,ROUND(M26*VLOOKUP(VLOOKUP($C67,'R&R Generic Detailed Budget'!$AJ$6:$AK$14,2,FALSE),'Eclass OPE Rates'!$A$26:$F$33,4,FALSE),0)) -> 0 | N67: =IF($C67="",0,ROUND(N26*VLOOKUP(VLOOKUP($C67,'R&R Generic Detailed Budget'!$AJ$6:$AK$14,2,FALSE),'Eclass OPE Rates'!$A$26:$F$33,5,FALSE),0)) -> 0 | O67: =IF($C67="",0,ROUND(O26*VLOOKUP(VLOOKUP($C67,'R&R Generic Detailed Budget'!$AJ$6:$AK$14,2,FALSE),'Eclass OPE Rates'!$A$26:$F$33,6,FALSE),0)) -> 0 | P67: =SUM(K67:O67) -> 0
B68: =IF(B27="","",B27) | C68: =IF(C27="Select Employee Class","",C27) | J68: =IF(B68="","",VLOOKUP(VLOOKUP(C68,$AJ$6:$AK$14,2,FALSE),'Eclass OPE Rates'!$A$26:$F$33,2,FALSE)) | K68: =IF($C68="",0,ROUND(K27*VLOOKUP(VLOOKUP($C68,'R&R Generic Detailed Budget'!$AJ$6:$AK$14,2,FALSE),'Eclass OPE Rates'!$A$26:$F$33,2,FALSE),0)) -> 0 | L68: =IF($C68="",0,ROUND(L27*VLOOKUP(VLOOKUP($C68,'R&R Generic Detailed Budget'!$AJ$6:$AK$14,2,FALSE),'Eclass OPE Rates'!$A$26:$F$33,3,FALSE),0)) -> 0 | M68: =IF($C68="",0,ROUND(M27*VLOOKUP(VLOOKUP($C68,'R&R Generic Detailed Budget'!$AJ$6:$AK$14,2,FALSE),'Eclass OPE Rates'!$A$26:$F$33,4,FALSE),0)) -> 0 | N68: =IF($C68="",0,ROUND(N27*VLOOKUP(VLOOKUP($C68,'R&R Generic Detailed Budget'!$AJ$6:$AK$14,2,FALSE),'Eclass OPE Rates'!$A$26:$F$33,5,FALSE),0)) -> 0 | O68: =IF($C68="",0,ROUND(O27*VLOOKUP(VLOOKUP($C68,'R&R Generic Detailed Budget'!$AJ$6:$AK$14,2,FALSE),'Eclass OPE Rates'!$A$26:$F$33,6,FALSE),0)) -> 0 | P68: =SUM(K68:O68) -> 0
B69: =IF(B28="","",B28) | C69: =IF(C28="Select Employee Class","",C28) | J69: =IF(B69="","",VLOOKUP(VLOOKUP(C69,$AJ$6:$AK$14,2,FALSE),'Eclass OPE Rates'!$A$26:$F$33,2,FALSE)) | K69: =IF($C69="",0,ROUND(K28*VLOOKUP(VLOOKUP($C69,'R&R Generic Detailed Budget'!$AJ$6:$AK$14,2,FALSE),'Eclass OPE Rates'!$A$26:$F$33,2,FALSE),0)) -> 0 | L69: =IF($C69="",0,ROUND(L28*VLOOKUP(VLOOKUP($C69,'R&R Generic Detailed Budget'!$AJ$6:$AK$14,2,FALSE),'Eclass OPE Rates'!$A$26:$F$33,3,FALSE),0)) -> 0 | M69: =IF($C69="",0,ROUND(M28*VLOOKUP(VLOOKUP($C69,'R&R Generic Detailed Budget'!$AJ$6:$AK$14,2,FALSE),'Eclass OPE Rates'!$A$26:$F$33,4,FALSE),0)) -> 0 | N69: =IF($C69="",0,ROUND(N28*VLOOKUP(VLOOKUP($C69,'R&R Generic Detailed Budget'!$AJ$6:$AK$14,2,FALSE),'Eclass OPE Rates'!$A$26:$F$33,5,FALSE),0)) -> 0 | O69: =IF($C69="",0,ROUND(O28*VLOOKUP(VLOOKUP($C69,'R&R Generic Detailed Budget'!$AJ$6:$AK$14,2,FALSE),'Eclass OPE Rates'!$A$26:$F$33,6,FALSE),0)) -> 0 | P69: =SUM(K69:O69) -> 0
B70: =IF(B29="","",B29) | C70: =IF(C29="Select Employee Class","",C29) | J70: =IF(B70="","",VLOOKUP(VLOOKUP(C70,$AJ$6:$AK$14,2,FALSE),'Eclass OPE Rates'!$A$26:$F$33,2,FALSE)) | K70: =IF($C70="",0,ROUND(K29*VLOOKUP(VLOOKUP($C70,'R&R Generic Detailed Budget'!$AJ$6:$AK$14,2,FALSE),'Eclass OPE Rates'!$A$26:$F$33,2,FALSE),0)) -> 0 | L70: =IF($C70="",0,ROUND(L29*VLOOKUP(VLOOKUP($C70,'R&R Generic Detailed Budget'!$AJ$6:$AK$14,2,FALSE),'Eclass OPE Rates'!$A$26:$F$33,3,FALSE),0)) -> 0 | M70: =IF($C70="",0,ROUND(M29*VLOOKUP(VLOOKUP($C70,'R&R Generic Detailed Budget'!$AJ$6:$AK$14,2,FALSE),'Eclass OPE Rates'!$A$26:$F$33,4,FALSE),0)) -> 0 | N70: =IF($C70="",0,ROUND(N29*VLOOKUP(VLOOKUP($C70,'R&R Generic Detailed Budget'!$AJ$6:$AK$14,2,FALSE),'Eclass OPE Rates'!$A$26:$F$33,5,FALSE),0)) -> 0 | O70: =IF($C70="",0,ROUND(O29*VLOOKUP(VLOOKUP($C70,'R&R Generic Detailed Budget'!$AJ$6:$AK$14,2,FALSE),'Eclass OPE Rates'!$A$26:$F$33,6,FALSE),0)) -> 0 | P70: =SUM(K70:O70) -> 0
B71: =IF(B30="","",B30) | C71: =IF(C30="Select Employee Class","",C30) | J71: =IF(B71="","",VLOOKUP(VLOOKUP(C71,$AJ$6:$AK$14,2,FALSE),'Eclass OPE Rates'!$A$26:$F$33,2,FALSE)) | K71: =IF($C71="",0,ROUND(K30*VLOOKUP(VLOOKUP($C71,'R&R Generic Detailed Budget'!$AJ$6:$AK$14,2,FALSE),'Eclass OPE Rates'!$A$26:$F$33,2,FALSE),0)) -> 0 | L71: =IF($C71="",0,ROUND(L30*VLOOKUP(VLOOKUP($C71,'R&R Generic Detailed Budget'!$AJ$6:$AK$14,2,FALSE),'Eclass OPE Rates'!$A$26:$F$33,3,FALSE),0)) -> 0 | M71: =IF($C71="",0,ROUND(M30*VLOOKUP(VLOOKUP($C71,'R&R Generic Detailed Budget'!$AJ$6:$AK$14,2,FALSE),'Eclass OPE Rates'!$A$26:$F$33,4,FALSE),0)) -> 0 | N71: =IF($C71="",0,ROUND(N30*VLOOKUP(VLOOKUP($C71,'R&R Generic Detailed Budget'!$AJ$6:$AK$14,2,FALSE),'Eclass OPE Rates'!$A$26:$F$33,5,FALSE),0)) -> 0 | O71: =IF($C71="",0,ROUND(O30*VLOOKUP(VLOOKUP($C71,'R&R Generic Detailed Budget'!$AJ$6:$AK$14,2,FALSE),'Eclass OPE Rates'!$A$26:$F$33,6,FALSE),0)) -> 0 | P71: =SUM(K71:O71) -> 0
B73: Regular Students | C73: Students | J73: =IF(B73="","",VLOOKUP(VLOOKUP(C73,$AJ$6:$AK$13,2,FALSE),'Eclass OPE Rates'!$A$26:$F$33,2,FALSE)) -> 0.033 | K73: =IF($C73="",0,ROUND(K32*VLOOKUP(VLOOKUP($C73,'R&R Generic Detailed Budget'!$AJ$6:$AK$13,2,FALSE),'Eclass OPE Rates'!$A$26:$F$33,2,FALSE),0)) -> 0 | L73: =IF($C73="",0,ROUND(L32*VLOOKUP(VLOOKUP($C73,'R&R Generic Detailed Budget'!$AJ$6:$AK$13,2,FALSE),'Eclass OPE Rates'!$A$26:$F$33,3,FALSE),0)) -> 0 | M73: =IF($C73="",0,ROUND(M32*VLOOKUP(VLOOKUP($C73,'R&R Generic Detailed Budget'!$AJ$6:$AK$13,2,FALSE),'Eclass OPE Rates'!$A$26:$F$33,4,FALSE),0)) -> 0 | N73: =IF($C73="",0,ROUND(N32*VLOOKUP(VLOOKUP($C73,'R&R Generic Detailed Budget'!$AJ$6:$AK$13,2,FALSE),'Eclass OPE Rates'!$A$26:$F$33,5,FALSE),0)) -> 0 | O73: =IF($C73="",0,ROUND(O32*VLOOKUP(VLOOKUP($C73,'R&R Generic Detailed Budget'!$AJ$6:$AK$13,2,FALSE),'Eclass OPE Rates'!$A$26:$F$33,6,FALSE),0)) -> 0 | P73: =SUM(K73:O73) -> 0
B74: Work Study Students | C74: Students | J74: =IF(B74="","",VLOOKUP(VLOOKUP(C74,$AJ$6:$AK$13,2,FALSE),'Eclass OPE Rates'!$A$26:$F$33,2,FALSE)) -> 0.033 | K74: =IF($C74="",0,ROUND(K33*VLOOKUP(VLOOKUP($C74,'R&R Generic Detailed Budget'!$AJ$6:$AK$13,2,FALSE),'Eclass OPE Rates'!$A$26:$F$33,2,FALSE),0)) -> 0 | L74: =IF($C74="",0,ROUND(L33*VLOOKUP(VLOOKUP($C74,'R&R Generic Detailed Budget'!$AJ$6:$AK$13,2,FALSE),'Eclass OPE Rates'!$A$26:$F$33,3,FALSE),0)) -> 0 | M74: =IF($C74="",0,ROUND(M33*VLOOKUP(VLOOKUP($C74,'R&R Generic Detailed Budget'!$AJ$6:$AK$13,2,FALSE),'Eclass OPE Rates'!$A$26:$F$33,4,FALSE),0)) -> 0 | N74: =IF($C74="",0,ROUND(N33*VLOOKUP(VLOOKUP($C74,'R&R Generic Detailed Budget'!$AJ$6:$AK$13,2,FALSE),'Eclass OPE Rates'!$A$26:$F$33,5,FALSE),0)) -> 0 | O74: =IF($C74="",0,ROUND(O33*VLOOKUP(VLOOKUP($C74,'R&R Generic Detailed Budget'!$AJ$6:$AK$13,2,FALSE),'Eclass OPE Rates'!$A$26:$F$33,6,FALSE),0)) -> 0 | P74: =SUM(K74:O74) -> 0
B76: GE, OPE + insurance/fees | C76: Students | J76: =IF(B76="","",VLOOKUP(VLOOKUP(C76,$AJ$6:$AK$13,2,FALSE),'Eclass OPE Rates'!$A$26:$F$33,2,FALSE)) -> 0.033 | K76: =ROUND(VLOOKUP(VLOOKUP($C76,$AJ$6:$AK$13,2,FALSE),'Eclass OPE Rates'!$A$26:$F$33,2,FALSE)*SUM(K37:K45),0)+SUMIF($D$39:$D$47,"Total Academic Terms",E39:E47)*(U6+U8)+SUMIF($D$39:$D$47,"Total Summer Terms",E39:E47)*(U7+U9) -> 0 | L76: =IF($A$1>1,ROUND(VLOOKUP(VLOOKUP($C76,$AJ$6:$AK$13,2,FALSE),'Eclass OPE Rates'!$A$26:$F$33,3,FALSE)*SUM(L37:L45),0)+SUMIF($D$39:$D$47,"Total Academic Terms",F39:F47)*(V6+V8)+SUMIF($D$39:$D$47,"Total Summer Terms",F39:F47)*(V7+V9),0) -> 0 | M76: =IF($A$1>2,ROUND(VLOOKUP(VLOOKUP($C76,$AJ$6:$AK$13,2,FALSE),'Eclass OPE Rates'!$A$26:$F$33,4,FALSE)*SUM(M37:M45),0)+SUMIF($D$39:$D$47,"Total Academic Terms",G39:G47)*(W6+W8)+SUMIF($D$39:$D$47,"Total Summer Terms",G39:G47)*(W7+W9),0) -> 0 | N76: =IF($A$1>3,ROUND(VLOOKUP(VLOOKUP($C76,$AJ$6:$AK$13,2,FALSE),'Eclass OPE Rates'!$A$26:$F$33,5,FALSE)*SUM(N37:N45),0)+SUMIF($D$39:$D$47,"Total Academic Terms",H39:H47)*(X6+X8)+SUMIF($D$39:$D$47,"Total Summer Terms",H39:H47)*(X7+X9),0) -> 0 | O76: =IF($A$1>4,ROUND(VLOOKUP(VLOOKUP($C76,$AJ$6:$AK$13,2,FALSE),'Eclass OPE Rates'!$A$26:$F$33,6,FALSE)*SUM(O37:O45),0)+SUMIF($D$39:$D$47,"Total Academic Terms",I39:I47)*(Y6+Y8)+SUMIF($D$39:$D$47,"Total Summer Terms",I39:I47)*(Y7+Y9),0) -> 0 | P76: =SUM(K76:O76) -> 0
J77: Total Fringe Benefits | K77: =SUM(K52:K76) -> 0 | L77: =IF($A$1>1,SUM(L52:L76),0) -> 0 | M77: =IF($A$1>2,SUM(M52:M76),0) -> 0 | N77: =IF($A$1>3,SUM(N52:N76),0) -> 0 | O77: =IF($A$1>4,SUM(O52:O76),0) -> 0 | P77: =SUM(K77:O77) -> 0
B79: TOTAL PERSONNEL | K79: =SUM(K48,K77) -> 0 | L79: =IF($A$1>1,SUM(L48,L77),0) -> 0 | M79: =IF($A$1>2,SUM(M48,M77),0) -> 0 | N79: =IF($A$1>3,SUM(N48,N77),0) -> 0 | O79: =IF($A$1>4,SUM(O48,O77),0) -> 0 | P79: =SUM(K79:O79) -> 0
B82: EQUIPMENT (List item and dollar amount for each item $5,000 and over)
K83: 0 | L83: =IF($A$1>1,ROUND($K83*$U$15,0),0) -> 0 | M83: =IF($A$1>2,ROUND($K83*$U$15^2,0),0) -> 0 | N83: =IF($A$1>3,ROUND($K83*$U$15^3,0),0) -> 0 | O83: =IF($A$1>4,ROUND($K83*$U$15^4,0),0) -> 0 | P83: =SUM(K83:O83) -> 0
K84: 0 | L84: =IF($A$1>1,ROUND($K84*$U$15,0),0) -> 0 | M84: =IF($A$1>2,ROUND($K84*$U$15^2,0),0) -> 0 | N84: =IF($A$1>3,ROUND($K84*$U$15^3,0),0) -> 0 | O84: =IF($A$1>4,ROUND($K84*$U$15^4,0),0) -> 0 | P84: =SUM(K84:O84) -> 0
J85: Total Equipment | K85: =SUM(K83:K84) -> 0 | L85: =IF($A$1>1,SUM(L83:L84),0) -> 0 | M85: =IF($A$1>2,SUM(M83:M84),0) -> 0 | N85: =IF($A$1>3,SUM(N83:N84),0) -> 0 | O85: =IF($A$1>4,SUM(O83:O84),0) -> 0 | P85: =SUM(K85:O85) -> 0
B87: TRAVEL
B88: Domestic | K88: 0 | L88: =IF($A$1>1,ROUND($K88*$U$15,0),0) -> 0 | M88: =IF($A$1>2,ROUND($K88*$U$15^2,0),0) -> 0 | N88: =IF($A$1>3,ROUND($K88*$U$15^3,0),0) -> 0 | O88: =IF($A$1>4,ROUND($K88*$U$15^4,0),0) -> 0 | P88: =SUM(K88:O88) -> 0
L89: =IF($A$1>1,ROUND($K89*$U$15,0),0) -> 0 | M89: =IF($A$1>2,ROUND($K89*$U$15^2,0),0) -> 0 | N89: =IF($A$1>3,ROUND($K89*$U$15^3,0),0) -> 0 | O89: =IF($A$1>4,ROUND($K89*$U$15^4,0),0) -> 0 | P89: =SUM(K89:O89) -> 0
B90: Foreign | K90: 0 | L90: =IF($A$1>1,ROUND($K90*$U$15,0),0) -> 0 | M90: =IF($A$1>2,ROUND($K90*$U$15^2,0),0) -> 0 | N90: =IF($A$1>3,ROUND($K90*$U$15^3,0),0) -> 0 | O90: =IF($A$1>4,ROUND($K90*$U$15^4,0),0) -> 0 | P90: =SUM(K90:O90) -> 0
L91: =IF($A$1>1,ROUND($K91*$U$15,0),0) -> 0 | M91: =IF($A$1>2,ROUND($K91*$U$15^2,0),0) -> 0 | N91: =IF($A$1>3,ROUND($K91*$U$15^3,0),0) -> 0 | O91: =IF($A$1>4,ROUND($K91*$U$15^4,0),0) -> 0 | P91: =SUM(K91:O91) -> 0
J92: Total Travel | K92: =SUM(K88:K91) -> 0 | L92: =IF($A$1>1,SUM(L88:L91),0) -> 0 | M92: =IF($A$1>2,SUM(M88:M91),0) -> 0 | N92: =IF($A$1>3,SUM(N88:N91),0) -> 0 | O92: =IF($A$1>4,SUM(O88:O91),0) -> 0 | P92: =SUM(K92:O92) -> 0
B95: PARTICIPANT SUPPORT COSTS | R95: 2 CFR §200.75 Participant support costs:
B96: Stipend | K96: 0 | L96: =IF($A$1>1,ROUND(K96*$U$15,0),0) -> 0 | M96: =IF($A$1>2,ROUND(K96*$U$15^2,0),0) -> 0 | N96: =IF($A$1>3,ROUND(K96*$U$15^3,0),0) -> 0 | O96: =IF($A$1>4,ROUND(K96*$U$15^4,0),0) -> 0 | P96: =SUM(K96:O96) -> 0 | R96: Participant support costs means direct costs for items such as stipends or subsistence allowances, travel allowances,
B97: Travel | K97: 0 | L97: =IF($A$1>1,ROUND(K97*$U$15,0),0) -> 0 | M97: =IF($A$1>2,ROUND(K97*$U$15^2,0),0) -> 0 | N97: =IF($A$1>3,ROUND(K97*$U$15^3,0),0) -> 0 | O97: =IF($A$1>4,ROUND(K97*$U$15^4,0),0) -> 0 | P97: =SUM(K97:O97) -> 0 | R97: and registration fees paid to or on behalf of participants or trainees (but not employees) in connection with conferences, or
B98: Subsistence | K98: 0 | L98: =IF($A$1>1,ROUND(K98*$U$15,0),0) -> 0 | M98: =IF($A$1>2,ROUND(K98*$U$15^2,0),0) -> 0 | N98: =IF($A$1>3,ROUND(K98*$U$15^3,0),0) -> 0 | O98: =IF($A$1>4,ROUND(K98*$U$15^4,0),0) -> 0 | P98: =SUM(K98:O98) -> 0 | R98: training projects.
B99: Other | K99: 0 | L99: =IF($A$1>1,ROUND(K99*$U$15,0),0) -> 0 | M99: =IF($A$1>2,ROUND(K99*$U$15^2,0),0) -> 0 | N99: =IF($A$1>3,ROUND(K99*$U$15^3,0),0) -> 0 | O99: =IF($A$1>4,ROUND(K99*$U$15^4,0),0) -> 0 | P99: =SUM(K99:O99) -> 0 | R99: 2 CFR §200.456 Participant Support costs:
J100: Total Participant Support | K100: =SUM(K96:K99) -> 0 | L100: =IF($A$1>1,SUM(L96:L99),0) -> 0 | M100: =IF($A$1>2,SUM(M96:M99),0) -> 0 | N100: =IF($A$1>3,SUM(N96:N99),0) -> 0 | O100: =IF($A$1>4,SUM(O96:O99),0) -> 0 | P100: =SUM(K100:O100) -> 0 | R100: Participant support costs as defined in §200.75 Participant support costs are allowable with the prior approval of the Federal awarding agency.
B102: OTHER DIRECT COSTS
B104: 1. MATERIALS AND SUPPLIES
K105: 0 | L105: =IF($A$1>1,ROUND($K105*$U$15,0),0) -> 0 | M105: =IF($A$1>2,ROUND($K105*$U$15^2,0),0) -> 0 | N105: =IF($A$1>3,ROUND($K105*$U$15^3,0),0) -> 0 | O105: =IF($A$1>4,ROUND($K105*$U$15^4,0),0) -> 0 | P105: =SUM(K105:O105) -> 0
K106: 0 | L106: =IF($A$1>1,ROUND($K106*$U$15,0),0) -> 0 | M106: =IF($A$1>2,ROUND($K106*$U$15^2,0),0) -> 0 | N106: =IF($A$1>3,ROUND($K106*$U$15^3,0),0) -> 0 | O106: =IF($A$1>4,ROUND($K106*$U$15^4,0),0) -> 0 | P106: =SUM(K106:O106) -> 0
K107: 0 | L107: =IF($A$1>1,ROUND($K107*$U$15,0),0) -> 0 | M107: =IF($A$1>2,ROUND($K107*$U$15^2,0),0) -> 0 | N107: =IF($A$1>3,ROUND($K107*$U$15^3,0),0) -> 0 | O107: =IF($A$1>4,ROUND($K107*$U$15^4,0),0) -> 0 | P107: =SUM(K107:O107) -> 0
K108: 0 | L108: =IF($A$1>1,ROUND($K108*$U$15,0),0) -> 0 | M108: =IF($A$1>2,ROUND($K108*$U$15^2,0),0) -> 0 | N108: =IF($A$1>3,ROUND($K108*$U$15^3,0),0) -> 0 | O108: =IF($A$1>4,ROUND($K108*$U$15^4,0),0) -> 0 | P108: =SUM(K108:O108) -> 0
J109: Total Supplies | K109: =SUM(K104:K108) -> 0 | L109: =IF($A$1>1,SUM(L104:L108),0) -> 0 | M109: =IF($A$1>2,SUM(M104:M108),0) -> 0 | N109: =IF($A$1>3,SUM(N104:N108),0) -> 0 | O109: =IF($A$1>4,SUM(O104:O108),0) -> 0 | P109: =SUM(K109:O109) -> 0
B111: 2. PUBLICATION COSTS/DOCUMENTATION/DISSEMINATION
K112: 0 | L112: =IF($A$1>1,ROUND($K112*$U$15,0),0) -> 0 | M112: =IF($A$1>2,ROUND($K112*$U$15^2,0),0) -> 0 | N112: =IF($A$1>3,ROUND($K112*$U$15^3,0),0) -> 0 | O112: =IF($A$1>4,ROUND($K112*$U$15^4,0),0) -> 0 | P112: =SUM(K112:O112) -> 0
J113: Total Publications | K113: =SUM(K112) -> 0 | L113: =SUM(L112) -> 0 | M113: =SUM(M112) -> 0 | N113: =SUM(N112) -> 0 | O113: =SUM(O112) -> 0 | P113: =SUM(K113:O113) -> 0
B115: 3. CONSULTANT SERVICES
...

Sheet Person Month Conversion tool
D1: Person Month / Effort: Conversion Tool
A3: Insert the Effort in the green cells below to convert to Person Months (PM)
A4: Person Months for 3, 9, and 12 month terms will display simultaneously.
A6: 3 month | D6: 9 month | G6: 12 month
A7: Summer Term | D7: Academic Year | G7: Calendar Year
J8: 3-mo | K8: 9-mo | L8: 12-mo
A9: Effort | B9: PM | D9: Effort | E9: PM | G9: Effort | H9: PM | J9: =B10/12 -> 0.041675 | K9: =E10/12 -> 0.083333333 | L9: =H10/12 -> 0.083333333 | M9: Months per twelve month period
A10: 0.1667 | B10: =A10*3 -> 0.5001 | D10: =1/9 -> 0.11111111 | E10: =D10*9 -> 1 | G10: =1/12 -> 0.083333333 | H10: =G10*12 -> 1 | J10: =J9 -> 0.041675 | K10: =K9 -> 0.083333333 | L10: =L9 -> 0.083333333 | M10: Annual FTE (over twelve months)
A14: Insert the Person Months (PM) in the yellow cells below to convert to Effort
A15: Effort for 3, 9, and 12 month terms will display simultaneously.
A17: 3 month | D17: 9 month | G17: 12 month
A18: Summer Term | D18: Academic Year | G18: Calendar Year
J19: 3-mo | K19: 9-mo | L19: 12-mo
A20: PM | B20: Effort | D20: PM | E20: Effort | G20: PM | H20: Effort | J20: =A21/12 -> 0.083333333 | K20: =D21/12 -> 0.083333333 | L20: =G21/12 -> 0.083333333 | M20: Months per twelve month period
A21: 1 | B21: =A21/3 -> 0.33333333 | D21: 1 | E21: =D21/9 -> 0.11111111 | G21: 1 | H21: =G21/12 -> 0.083333333 | J21: =J20 -> 0.083333333 | K21: =K20 -> 0.083333333 | L21: =L20 -> 0.083333333 | M21: Annual FTE (over twelve months)

Sheet NIH Sal Cap Calculator
A1: To use the NIH Salary CAP Calculator, complete steps 1, 2, 3, and 4 below
A3: Step #1 | B3: Enter the current NIH Salary CAP | C3: 228000 | D3: =C3/12*9 -> 171000 | E3: AY | F3: =D3/3 -> 57000 | G3: Summer
A5: Auto-calculation: | B5: Hourly rate per the current NIH Salary CAP | C5: =C3/2080 -> 109.61538
A7: Step #2 | B7: Enter the type of UO Appointment, 9 or 12 month | C7: 9
A8: Step #3 | B8: Enter the UO 9 or 12 month base from PWIVERI | C8: 169275
A10: Auto-calculation: | B10: 12-month UO personnel's Institutional Base Salary | C10: =IF(C7=12,C8,(C8/9*12)) -> 225700
A11: Auto-calculation: | B11: UO personnel's Hourly Rate | C11: =C8/(173.33*C7) -> 108.5117
A12: Auto-calculation: | B12: Direct Cost % | C12: =C5/C11 -> 1.0101711
A13: Auto-calculation: | B13: Cost Share % | C13: =1-C12 -> -0.010171092
D14: Year 1 | E14: Year 2 | F14: Year 3 | G14: Year 4 | H14: Year 5
A15: Step #4 | B15: Enter Total Committed Effort for each Project Period (Direct plus Cost Share) | D15: 0 | E15: 0 | F15: 0 | G15: 0 | H15: 0
A17: Auto-calculation: | B17: Labor Distribution for direct-charged salary | D17: =$C$12*D15 -> 0 | E17: =$C$12*E15 -> 0 | F17: =$C$12*F15 -> 0 | G17: =$C$12*G15 -> 0 | H17: =$C$12*H15 -> 0
A18: Auto-calculation: | B18: Labor Distribution for cost-shared salary | D18: =$C$13*D15 -> 0 | E18: =$C$13*E15 -> 0 | F18: =$C$13*F15 -> 0 | G18: =$C$13*G15 -> 0 | H18: =$C$13*H15 -> 0
A20: Auto-calculation: | B20: Direct Charge: Maximum Salary Amount direct-charged to the project | D20: =D17*$C$10 -> 0 | E20: =E17*$C$10 -> 0 | F20: =F17*$C$10 -> 0 | G20: =G17*$C$10 -> 0 | H20: =H17*$C$10 -> 0
A22: Auto-calculation: | B22: Cost Share: Salary Amount Cost-shared to the project | D22: =D18*$C$10 -> 0 | E22: =E18*$C$10 -> 0 | F22: =F18*$C$10 -> 0 | G22: =G18*$C$10 -> 0 | H22: =H18*$C$10 -> 0
A24: Please reference this link for additional guidance: | C24: https://research.uoregon.edu/apply/apply-external-funding/prepare/nih-salary-cap
A26: In compliance with NOT-HS-25-015. Release date January 22, 2025---See | C26: NIH notice NOT-HS-25-015

Sheet F&A History
E1: Research: on campus | F1: Research: off campus | G1: Instruction: on campus | H1: Instruction: off campus | I1: Other Sponsored Activity: on campus | J1: Other Sponsored Activity: off campus
A2: Awarded
A3: 41664 | B3: 0 | C3: 30498 | D3: 30863 | E3: 45 | F3: 31.4 | G3: 55 | I3: 32
B4: 0 | C4: 30864 | D4: 31228 | E4: 41 | F4: 25.7 | G4: 55 | I4: 32
B5: 0 | C5: 31229 | D5: 31593 | E5: 41 | F5: 25 | G5: 55 | I5: 32
B6: 0 | C6: 31594 | D6: 31958 | E6: 41 | F6: 25 | G6: 55 | I6: 32
B7: 0 | C7: 31959 | D7: 32324 | E7: 42 | F7: 26 | G7: 55 | I7: 32.3
B8: 0 | C8: 32325 | D8: 32689 | E8: 42 | F8: 26 | G8: 55 | I8: 32.3
B9: 0 | C9: 32690 | D9: 33054 | E9: 42.3 | F9: 26 | G9: 55 | I9: 32.5
B10: 0 | C10: 33055 | D10: 33419 | E10: 42.5 | F10: 26 | G10: 55 | I10: 32.5
B11: 0 | C11: 33420 | D11: 33785 | E11: 48 | F11: 26 | G11: 55 | I11: 32.5
B12: 0 | C12: 33786 | D12: 34880 | E12: 50 | F12: 26 | G12: 55 | I12: 33
B13: 0 | C13: 34881 | D13: 37072 | E13: 50 | F13: 26 | G13: 55 | I13: 33
B14: 0 | C14: 37073 | D14: 37437 | E14: 49 | F14: 26 | G14: 54 | I14: 32
B15: 0 | C15: 37438 | D15: 38168 | E15: 49 | F15: 26 | G15: 54 | I15: 32
B16: 0 | C16: 38169 | D16: 38533 | E16: 49 | F16: 26
B17: 0 | C17: 38534 | D17: 38898 | E17: 48.5 | F17: 26 | G17: 54 | I17: 32
B18: 0 | C18: 38899 | D18: 39263 | E18: 48 | F18: 26 | G18: 54 | I18: 32
B19: 0 | C19: 39264 | D19: 39629 | E19: 48 | F19: 26 | G19: 54 | H19: 23.8 | I19: 32 | J19: 25.6
B20: 0 | C20: 39630 | D20: 40724 | E20: 42 | F20: 26 | G20: 53 | H20: 26 | I20: 29 | J20: 23.8
B21: 0 | C21: 40725 | D21: 41090 | E21: 42 | F21: 26 | G21: 53 | H21: 26 | I21: 29 | J21: 23.8
B22: 0 | C22: 41091 | D22: 41820 | E22: 45 | F22: 26 | G22: 59.4 | H22: 26 | I22: 30.7 | J22: 24.3
B23: 0 | C23: 41821 | D23: 42185 | E23: 45 | F23: 26 | G23: 59.4 | H23: 26 | I23: 30.7 | J23: 24.3
B24: 0 | C24: 42186 | D24: 42551 | E24: 45 | F24: 26 | G24: 59.4 | H24: 26 | I24: 30.7 | J24: 24.3
B25: 0 | C25: 43282 | D25: 43646 | E25: 47.5 | F25: 26 | G25: 46 | H25: 26 | I25: 30.7 | J25: 26
B26: 0 | C26: 43647 | D26: 44377 | E26: 47.5 | F26: 26 | G26: 46 | H26: 26 | I26: 30.7 | J26: 26
B27: 0 | C27: 44378 | D27: 45107 | E27: 47.5 | F27: 26 | G27: 46 | H27: 26 | I27: 30.7 | J27: 26
B28: 0 | C28: 45108 | D28: 46568 | E28: 49 | F28: 26 | G28: 48 | H28: 26 | I28: 33 | J28: 26

Sheet Eclass OPE Rates
A1: Fringe Benefits "Other Payroll Expenses" (OPE) | B1: UO Office of Budget and Resources Planning - Blended OPE
B2: Estimated Future Years by Budget and Resource Planning
A3: ='R&R Generic Detailed Budget'!Q4 -> 46279 | B3: Blended OPE Link | D3: Estimated Future Rates | G3: SPS Estimate
A4: Employee class | B4: 2026 | C4: 2027 | D4: 2028 | E4: 2029 | F4: 2030 | G4: 2031 | H4: 2032 | I4: Description
B5: Rates | C5: Rates | D5: Rates | E5: Rates | F5: Rates | G5: Rates | H5: Rates
A6: Faculty/Staff A | B6: 0.765 | C6: 0.774 | D6: 0.784 | E6: 0.773 | F6: 0.778 | G6: =AVERAGE(B6:F6) -> 0.7748 | H6: =AVERAGE(C6:G6) -> 0.77676 | I6: The Faculty/Staff A Employee Class consists of all salaried staff employees, and faculty members that are on a twelve month schedule. Most of these employees are all eligible for sick leave and vacation leave.
A7: Faculty/Staff B | B7: 0.529 | C7: 0.511 | D7: 0.504 | E7: 0.501 | F7: 0.502 | G7: =AVERAGE(B7:F7) -> 0.5094 | H7: =AVERAGE(C7:G7) -> 0.50548 | I7: The Faculty/Staff B Employee Class consists of faculty members that are on a nine month schedule that are sick leave eligible but not eligible for vacation leave, all Post Docs, and employees coded as Executives.
A8: Faculty/Staff C | B8: 0.342 | C8: 0.34 | D8: 0.317 | E8: 0.329 | F8: 0.329 | G8: =AVERAGE(B8:F8) -> 0.3314 | H8: =AVERAGE(C8:G8) -> 0.32928 | I8: The Faculty/Staff C Employee Class consists of all employees on summer term employment excluding students; and also includes faculty and staff on less than .5 FTE.
A9: Classified Service | B9: 1.049 | C9: 1.074 | D9: 1.094 | E9: 1.049 | F9: 1.064 | G9: =AVERAGE(B9:F9) -> 1.066 | H9: =AVERAGE(C9:G9) -> 1.0694 | I9: The Classified Service Employee Class consists of hourly employees that are coded as service/maintenance such as groundskeepers, custodians, laborers, and food service workers.
A10: Classified Skilled/Clerical | B10: 0.823 | C10: 0.91 | D10: 0.901 | E10: 0.891 | F10: 0.898 | G10: =AVERAGE(B10:F10) -> 0.8846 | H10: =AVERAGE(C10:G10) -> 0.89692 | I10: The Classified Skilled/Clerical Employee Class consists of hourly employees that are coded as skilled and clerical.
A11: Classified Technical | B11: 0.796 | C11: 0.802 | D11: 0.814 | E11: 0.793 | F11: 0.798 | G11: =AVERAGE(B11:F11) -> 0.8006 | H11: =AVERAGE(C11:G11) -> 0.80152 | I11: The Classified Technical Employee Class consists of hourly employees that are coded as technical and professional.
A12: Temps | B12: 0.261 | C12: 0.323 | D12: 0.218 | E12: 0.31 | F12: 0.313 | G12: =AVERAGE(B12:F12) -> 0.285 | H12: =AVERAGE(C12:G12) -> 0.2898 | I12: The Temp Employee Class consists of University of Oregon officers/teachers/researchers, hourly faculty and hourly staff less than .5FTE, and temporary support staff employees.
A13: Students | B13: 0.038 | C13: 0.033 | D13: 0.037 | E13: 0.034 | F13: 0.034 | G13: =AVERAGE(B13:F13) -> 0.0352 | H13: =AVERAGE(C13:G13) -> 0.03464 | I13: The Students Employee Class consists of graduate employees, fellows, and undergraduate student employees.
A15: Employee Class | B15: Change | C15: Rates | D15: Rates | E15: Rates | F15: Rates | G15: Rates | H15: Rates | I15: Average change in OPE Rates
A16: Faculty/Staff A | C16: =+C6/B6-1 -> 0.011764706 | D16: =+D6/C6-1 -> 0.012919897 | E16: =+E6/D6-1 -> -0.014030612 | F16: =+F6/E6-1 -> 0.0064683053 | G16: =+G6/F6-1 -> -0.0041131105 | H16: =+H6/G6-1 -> 0.0025296851 | I16: =AVERAGE(C16:H16) -> 0.0025898117
A17: Faculty/Staff B | C17: =+C7/B7-1 -> -0.034026465 | D17: =+D7/C7-1 -> -0.01369863 | E17: =+E7/D7-1 -> -0.005952381 | F17: =+F7/E7-1 -> 0.001996008 | G17: =+G7/F7-1 -> 0.014741036 | H17: =+H7/G7-1 -> -0.0076953278 | I17: =AVERAGE(C17:H17) -> -0.0074392934
A18: Faculty/Staff C | C18: =+C8/B8-1 -> -0.0058479532 | D18: =+D8/C8-1 -> -0.067647059 | E18: =+E8/D8-1 -> 0.03785489 | F18: =+F8/E8-1 -> 0 | G18: =+G8/F8-1 -> 0.0072948328 | H18: =+H8/G8-1 -> -0.0063971032 | I18: =AVERAGE(C18:H18) -> -0.0057903988
A19: Classified Service | C19: =+C9/B9-1 -> 0.023832221 | D19: =+D9/C9-1 -> 0.018621974 | E19: =+E9/D9-1 -> -0.041133455 | F19: =+F9/E9-1 -> 0.014299333 | G19: =+G9/F9-1 -> 0.0018796992 | H19: =+H9/G9-1 -> 0.0031894934 | I19: =AVERAGE(C19:H19) -> 0.0034482109
A20: Classified Skilled/Clerical | C20: =+C10/B10-1 -> 0.10571081 | D20: =+D10/C10-1 -> -0.0098901099 | E20: =+E10/D10-1 -> -0.011098779 | F20: =+F10/E10-1 -> 0.0078563412 | G20: =+G10/F10-1 -> -0.014922049 | H20: =+H10/G10-1 -> 0.013927199 | I20: =AVERAGE(C20:H20) -> 0.015263903
A21: Classified Technical | C21: =+C11/B11-1 -> 0.0075376884 | D21: =+D11/C11-1 -> 0.014962594 | E21: =+E11/D11-1 -> -0.025798526 | F21: =+F11/E11-1 -> 0.0063051702 | G21: =+G11/F11-1 -> 0.0032581454 | H21: =+H11/G11-1 -> 0.0011491381 | I21: =AVERAGE(C21:H21) -> 0.0012357017
A22: Temps | C22: =+C12/B12-1 -> 0.23754789 | D22: =+D12/C12-1 -> -0.3250774 | E22: =+E12/D12-1 -> 0.42201835 | F22: =+F12/E12-1 -> 0.0096774194 | G22: =+G12/F12-1 -> -0.089456869 | H22: =+H12/G12-1 -> 0.016842105 | I22: =AVERAGE(C22:H22) -> 0.045258583
A23: Students | C23: =+C13/B13-1 -> -0.13157895 | D23: =+D13/C13-1 -> 0.12121212 | E23: =+E13/D13-1 -> -0.081081081 | F23: =+F13/E13-1 -> 0 | G23: =+G13/F13-1 -> 0.035294118 | H23: =+H13/G13-1 -> -0.015909091 | I23: =AVERAGE(C23:H23) -> -0.01201048
A24: Budget Year | B24: =YEAR('R&R Generic Detailed Budget'!K6) -> 2027 | C24: =YEAR('R&R Generic Detailed Budget'!L6) -> 2028 | D24: =YEAR('R&R Generic Detailed Budget'!M6) -> 2029 | E24: =YEAR('R&R Generic Detailed Budget'!N6) -> 2030 | F24: =YEAR('R&R Generic Detailed Budget'!O6) -> 2031
A25: Offset from Base Year | B25: =MAX(0,MIN(12,B24-$B$4)) -> 1 | C25: =MAX(0,MIN(12,C24-$B$4)) -> 2 | D25: =MAX(0,MIN(12,D24-$B$4)) -> 3 | E25: =MAX(0,MIN(12,E24-$B$4)) -> 4 | F25: =MAX(0,MIN(12,F24-$B$4)) -> 5
A26: Faculty/Staff A | B26: =IF($D$24<=$H$4,(+VLOOKUP($A26,$A$6:$H$13,B$25+2,FALSE)*(VLOOKUP($A26,$A$16:$I$23,9,FALSE)^(MAX(0,$D$24-$H$4)))),H6) -> 0.774 | C26: =IF('R&R Generic Detailed Budget'!$R$8="N",B26,IF($D$24<=$H$4,(+VLOOKUP($A26,$A$6:$H13,C$25+2,FALSE)*(VLOOKUP($A26,$A$16:$I$23,9,FALSE)^(MAX(0,$D$24-$H$4)))),H6)) -> 0.784 | D26: =IF('R&R Generic Detailed Budget'!$R$8="N",B26,IF($E$24<=$H$4,(+VLOOKUP($A26,$A$6:$H$13,D$25+2,FALSE)*(VLOOKUP($A26,$A$16:$I$23,9,FALSE)^(MAX(0,$E$24-$H$4)))),H6)) -> 0.773 | E26: =IF('R&R Generic Detailed Budget'!$R$8="N",C26,IF($E$24<=$H$4,(+VLOOKUP($A26,$A$6:$H$13,E$25+2,FALSE)*(VLOOKUP($A26,$A$16:$I$23,9,FALSE)^(MAX(0,$E$24-$H$4)))),H6)) -> 0.778 | F26: =IF('R&R Generic Detailed Budget'!$R$8="N",D26,IF($E$24<=$H$4,(+VLOOKUP($A26,$A$6:$H$13,F$25+2,FALSE)*(VLOOKUP($A26,$A$16:$I$23,9,FALSE)^(MAX(0,$E$24-$H$4)))),H6)) -> 0.7748
A27: Faculty/Staff B | B27: =IF($D$24<=$H$4,(+VLOOKUP($A27,$A$6:$H$13,B$25+2,FALSE)*(VLOOKUP($A27,$A$16:$I$23,9,FALSE)^(MAX(0,$D$24-$H$4)))),H7) -> 0.511 | C27: =IF('R&R Generic Detailed Budget'!$R$8="N",B27,IF($D$24<=$H$4,(+VLOOKUP($A27,$A$6:$H14,C$25+2,FALSE)*(VLOOKUP($A27,$A$16:$I$23,9,FALSE)^(MAX(0,$D$24-$H$4)))),H7)) -> 0.504 | D27: =IF('R&R Generic Detailed Budget'!$R$8="N",B27,IF($E$24<=$H$4,(+VLOOKUP($A27,$A$6:$H$13,D$25+2,FALSE)*(VLOOKUP($A27,$A$16:$I$23,9,FALSE)^(MAX(0,$E$24-$H$4)))),H7)) -> 0.501 | E27: =IF('R&R Generic Detailed Budget'!$R$8="N",C27,IF($E$24<=$H$4,(+VLOOKUP($A27,$A$6:$H$13,E$25+2,FALSE)*(VLOOKUP($A27,$A$16:$I$23,9,FALSE)^(MAX(0,$E$24-$H$4)))),H7)) -> 0.502 | F27: =IF('R&R Generic Detailed Budget'!$R$8="N",D27,IF($E$24<=$H$4,(+VLOOKUP($A27,$A$6:$H$13,F$25+2,FALSE)*(VLOOKUP($A27,$A$16:$I$23,9,FALSE)^(MAX(0,$E$24-$H$4)))),H7)) -> 0.5094
A28: Faculty/Staff C | B28: =IF($D$24<=$H$4,(+VLOOKUP($A28,$A$6:$H$13,B$25+2,FALSE)*(VLOOKUP($A28,$A$16:$I$23,9,FALSE)^(MAX(0,$D$24-$H$4)))),H8) -> 0.34 | C28: =IF('R&R Generic Detailed Budget'!$R$8="N",B28,IF($D$24<=$H$4,(+VLOOKUP($A28,$A$6:$H14,C$25+2,FALSE)*(VLOOKUP($A28,$A$16:$I$23,9,FALSE)^(MAX(0,$D$24-$H$4)))),H8)) -> 0.317 | D28: =IF('R&R Generic Detailed Budget'!$R$8="N",B28,IF($E$24<=$H$4,(+VLOOKUP($A28,$A$6:$H$13,D$25+2,FALSE)*(VLOOKUP($A28,$A$16:$I$23,9,FALSE)^(MAX(0,$E$24-$H$4)))),H8)) -> 0.329 | E28: =IF('R&R Generic Detailed Budget'!$R$8="N",C28,IF($E$24<=$H$4,(+VLOOKUP($A28,$A$6:$H$13,E$25+2,FALSE)*(VLOOKUP($A28,$A$16:$I$23,9,FALSE)^(MAX(0,$E$24-$H$4)))),H8)) -> 0.329 | F28: =IF('R&R Generic Detailed Budget'!$R$8="N",D28,IF($E$24<=$H$4,(+VLOOKUP($A28,$A$6:$H$13,F$25+2,FALSE)*(VLOOKUP($A28,$A$16:$I$23,9,FALSE)^(MAX(0,$E$24-$H$4)))),H8)) -> 0.3314
A29: Classified Service | B29: =IF($D$24<=$H$4,(+VLOOKUP($A29,$A$6:$H$13,B$25+2,FALSE)*(VLOOKUP($A29,$A$16:$I$23,9,FALSE)^(MAX(0,$D$24-$H$4)))),H9) -> 1.074 | C29: =IF('R&R Generic Detailed Budget'!$R$8="N",B29,IF($D$24<=$H$4,(+VLOOKUP($A29,$A$6:$H15,C$25+2,FALSE)*(VLOOKUP($A29,$A$16:$I$23,9,FALSE)^(MAX(0,$D$24-$H$4)))),H9)) -> 1.094 | D29: =IF('R&R Generic Detailed Budget'!$R$8="N",B29,IF($E$24<=$H$4,(+VLOOKUP($A29,$A$6:$H$13,D$25+2,FALSE)*(VLOOKUP($A29,$A$16:$I$23,9,FALSE)^(MAX(0,$E$24-$H$4)))),H9)) -> 1.049 | E29: =IF('R&R Generic Detailed Budget'!$R$8="N",C29,IF($E$24<=$H$4,(+VLOOKUP($A29,$A$6:$H$13,E$25+2,FALSE)*(VLOOKUP($A29,$A$16:$I$23,9,FALSE)^(MAX(0,$E$24-$H$4)))),H9)) -> 1.064 | F29: =IF('R&R Generic Detailed Budget'!$R$8="N",D29,IF($E$24<=$H$4,(+VLOOKUP($A29,$A$6:$H$13,F$25+2,FALSE)*(VLOOKUP($A29,$A$16:$I$23,9,FALSE)^(MAX(0,$E$24-$H$4)))),H9)) -> 1.066
A30: Classified Skilled/Clerical | B30: =IF($D$24<=$H$4,(+VLOOKUP($A30,$A$6:$H$13,B$25+2,FALSE)*(VLOOKUP($A30,$A$16:$I$23,9,FALSE)^(MAX(0,$D$24-$H$4)))),H10) -> 0.91 | C30: =IF('R&R Generic Detailed Budget'!$R$8="N",B30,IF($D$24<=$H$4,(+VLOOKUP($A30,$A$6:$H16,C$25+2,FALSE)*(VLOOKUP($A30,$A$16:$I$23,9,FALSE)^(MAX(0,$D$24-$H$4)))),H10)) -> 0.901 | D30: =IF('R&R Generic Detailed Budget'!$R$8="N",B30,IF($E$24<=$H$4,(+VLOOKUP($A30,$A$6:$H$13,D$25+2,FALSE)*(VLOOKUP($A30,$A$16:$I$23,9,FALSE)^(MAX(0,$E$24-$H$4)))),H10)) -> 0.891 | E30: =IF('R&R Generic Detailed Budget'!$R$8="N",C30,IF($E$24<=$H$4,(+VLOOKUP($A30,$A$6:$H$13,E$25+2,FALSE)*(VLOOKUP($A30,$A$16:$I$23,9,FALSE)^(MAX(0,$E$24-$H$4)))),H10)) -> 0.898 | F30: =IF('R&R Generic Detailed Budget'!$R$8="N",D30,IF($E$24<=$H$4,(+VLOOKUP($A30,$A$6:$H$13,F$25+2,FALSE)*(VLOOKUP($A30,$A$16:$I$23,9,FALSE)^(MAX(0,$E$24-$H$4)))),H10)) -> 0.8846
A31: Classified Technical | B31: =IF($D$24<=$H$4,(+VLOOKUP($A31,$A$6:$H$13,B$25+2,FALSE)*(VLOOKUP($A31,$A$16:$I$23,9,FALSE)^(MAX(0,$D$24-$H$4)))),H11) -> 0.802 | C31: =IF('R&R Generic Detailed Budget'!$R$8="N",B31,IF($D$24<=$H$4,(+VLOOKUP($A31,$A$6:$H17,C$25+2,FALSE)*(VLOOKUP($A31,$A$16:$I$23,9,FALSE)^(MAX(0,$D$24-$H$4)))),H11)) -> 0.814 | D31: =IF('R&R Generic Detailed Budget'!$R$8="N",B31,IF($E$24<=$H$4,(+VLOOKUP($A31,$A$6:$H$13,D$25+2,FALSE)*(VLOOKUP($A31,$A$16:$I$23,9,FALSE)^(MAX(0,$E$24-$H$4)))),H11)) -> 0.793 | E31: =IF('R&R Generic Detailed Budget'!$R$8="N",C31,IF($E$24<=$H$4,(+VLOOKUP($A31,$A$6:$H$13,E$25+2,FALSE)*(VLOOKUP($A31,$A$16:$I$23,9,FALSE)^(MAX(0,$E$24-$H$4)))),H11)) -> 0.798 | F31: =IF('R&R Generic Detailed Budget'!$R$8="N",D31,IF($E$24<=$H$4,(+VLOOKUP($A31,$A$6:$H$13,F$25+2,FALSE)*(VLOOKUP($A31,$A$16:$I$23,9,FALSE)^(MAX(0,$E$24-$H$4)))),H11)) -> 0.8006
A32: Temps | B32: =IF($D$24<=$H$4,(+VLOOKUP($A32,$A$6:$H$13,B$25+2,FALSE)*(VLOOKUP($A32,$A$16:$I$23,9,FALSE)^(MAX(0,$D$24-$H$4)))),H12) -> 0.323 | C32: =IF('R&R Generic Detailed Budget'!$R$8="N",B32,IF($D$24<=$H$4,(+VLOOKUP($A32,$A$6:$H18,C$25+2,FALSE)*(VLOOKUP($A32,$A$16:$I$23,9,FALSE)^(MAX(0,$D$24-$H$4)))),H12)) -> 0.218 | D32: =IF('R&R Generic Detailed Budget'!$R$8="N",B32,IF($E$24<=$H$4,(+VLOOKUP($A32,$A$6:$H$13,D$25+2,FALSE)*(VLOOKUP($A32,$A$16:$I$23,9,FALSE)^(MAX(0,$E$24-$H$4)))),H12)) -> 0.31 | E32: =IF('R&R Generic Detailed Budget'!$R$8="N",C32,IF($E$24<=$H$4,(+VLOOKUP($A32,$A$6:$H$13,E$25+2,FALSE)*(VLOOKUP($A32,$A$16:$I$23,9,FALSE)^(MAX(0,$E$24-$H$4)))),H12)) -> 0.313 | F32: =IF('R&R Generic Detailed Budget'!$R$8="N",D32,IF($E$24<=$H$4,(+VLOOKUP($A32,$A$6:$H$13,F$25+2,FALSE)*(VLOOKUP($A32,$A$16:$I$23,9,FALSE)^(MAX(0,$E$24-$H$4)))),H12)) -> 0.285
A33: Students | B33: =IF($D$24<=$H$4,(+VLOOKUP($A33,$A$6:$H$13,B$25+2,FALSE)*(VLOOKUP($A33,$A$16:$I$23,9,FALSE)^(MAX(0,$D$24-$H$4)))),H13) -> 0.033 | C33: =IF('R&R Generic Detailed Budget'!$R$8="N",B33,IF($D$24<=$H$4,(+VLOOKUP($A33,$A$6:$H19,C$25+2,FALSE)*(VLOOKUP($A33,$A$16:$I$23,9,FALSE)^(MAX(0,$D$24-$H$4)))),H13)) -> 0.037 | D33: =IF('R&R Generic Detailed Budget'!$R$8="N",B33,IF($E$24<=$H$4,(+VLOOKUP($A33,$A$6:$H$13,D$25+2,FALSE)*(VLOOKUP($A33,$A$16:$I$23,9,FALSE)^(MAX(0,$E$24-$H$4)))),H13)) -> 0.034 | E33: =IF('R&R Generic Detailed Budget'!$R$8="N",C33,IF($E$24<=$H$4,(+VLOOKUP($A33,$A$6:$H$13,E$25+2,FALSE)*(VLOOKUP($A33,$A$16:$I$23,9,FALSE)^(MAX(0,$E$24-$H$4)))),H13)) -> 0.034 | F33: =IF('R&R Generic Detailed Budget'!$R$8="N",D33,IF($E$24<=$H$4,(+VLOOKUP($A33,$A$6:$H$13,F$25+2,FALSE)*(VLOOKUP($A33,$A$16:$I$23,9,FALSE)^(MAX(0,$E$24-$H$4)))),H13)) -> 0.0352
A35: 1-1-25 Notes for SPS calculated OPE
A36: For SPS calculated OPE I used the average of the previous 5 years for columns G & H. I hopt that the 5-year average is a good solution.
A37: Before 1-1-25, the budget template used a two formulas which sometimes resulted in an error when the OPE rate decreased.
A39: I could not determine the purpose of the table A15-H23. Since the formulas for B26-F33 do not work without the table, I will keep it as part of the spreadsheet.
A41: Logic for formula calculation in Row 30, 25 columns B through F.
A42: The formula is updated in December of 2020 to included the number "12" in the "Offset from Base Year" formula, "MAX(0,MIN(12,F29-$B$4))" to account for the
A43: additional years added to the spreadsheet.
A45: The below two paragraphs are out of date but you may find useful for figuring out the formulas.
A46: Logic for formula calculation in Rows 31 through 38, columns B through F: | E46: I think it should be rows 26-33.
A47: Regardless of whether "Y" or "N" is selected on the 'R&R Generic Detailed Budget'! Tab in Cell R8, there is no Personnel COLA applied by the formula in Year 1.
A48: In years 2 through 5, if "N" is selected on the 'R&R Generic Detailed Budget'! Tab in Cell R8, there is no Personnel COLA applied by the formula in for the Project Year.
A49: In years 2 through 5, if "Y" is selected on the 'R&R Generic Detailed Budget'! Tab in Cell R8, the Personnel COLA applied by the formula in for the Project Year, except on the
A50: current spreadsheet, if the project year is beyond 2026, the 2026 fringe benefit rate will be applied. See continued explanation below.
A52: In December of 2020, the "IF" statement compares the 1st year of the project to year 2026. If less than 2026, the logic pulls the fringe benefit rate from the table for the appropriate
A53: first year, 2021 through 2026. If more than 2026, the logic pulls the fringe benefit rate from the table for year 2026, and no increase in fringe benefit rates is included.
A54: This logic is based on (1) The budgeting spreadsheet is updated at least once per year. There will likely be no proposals which utilize this logic extending the project period
A55: into year 2027 for at least twelve months from December, 2020. For example, for a five-year project period beginning January 1, 2022, the fringe benefit rates applied will be
A56: the currently estimated fringe benefit rates from year 2026, which are estimated based on the average percent increase in rates for the three previous years. Proposal budgets
A57: with beginning project periods of July 1, 2022 will predominantly not occur until November through December of 2021, to January, 2022. Budget and Resource Planning (BRP)
A58: will again update the posted fringe benefit rates at least once again in the next twelve months, since BRP submits fringe benefit rate proposals to DHHS annually around December
A59: of each year. Therefore, the aforementioned logic in this spreadsheet should be updated at least by December 31, 2021 which will update the spreadsheet to include the new
... A68: BRP website, the rates must then be updated on this spreadsheet.
